Workbook
Name rejestr_RPT: Baza!$C$1:$W$3792
Name rejestr_RPT_1: Baza!$A$1:$W$3792
Name RPT_07.04.2025_NIP: Baza!$C$1:$W$4751

Sheet BSA
A1: L.p. | B1: NIP wezwanego Przedsiębiorcy (NIP podmiotu przekazującego dane w ramach wezwania) | C1: Nazwa wezwanego Przedsiębiorcy (Nazwa podmiotu przekazującego dane w ramach wezwania) | D1: NIP Przedsiębiorcy Korzystającego (OK) | E1: Nazwa Przedsiębiorcy Korzystającego (OK) | F1: Nazwa Podmiotu na rzecz którego nastąpiła sprzedaż (jeżeli po wpisaniu prawidłowego numeru NIP w kolumnie D nie pojawi się nazwa podmiotu w kolumnie E na rzecz którego realizowana był sprzedaż, należy w kolumnie F wpisać nazwę tego podmiotu (np. nazwę spółki cywilnej) | G1: Liczba świadczonych usług hurtowych BSA (Bitstream Access) - dostęp do strumienia bitów w oparciu o infrastrukturę własną finansowaną ze środków publicznych niezależnie od stosowanej technologii (stan na 31.12.2025 r.) niezależnie od stosowanej technologii | H1: Liczba świadczonych usług hurtowych BSA (Bitstream Access) - dostęp do strumienia bitów w oparciu o infrastrukturę obcą finansowaną ze środków publicznych niezależnie od stosowanej technologii (stan na 31.12.2025 r.) niezależnie od stosowanej technologii | I1: Liczba świadczonych usług hurtowych BSA (Bitstream Access) - dostęp do strumienia bitów w oparciu o pozostałą infrastrukturę własną (niedofinansowaną) niezależnie od stosowanej technologii (stan na 31.12.2025 r.) niezależnie od stosowanej technologii | J1: Liczba świadczonych usług hurtowych BSA (Bitstream Access) - dostęp do strumienia bitów w oparciu o pozostałą infrastrukturę obcą (niedofinansowaną) niezależnie od stosowanej technologii (stan na 31.12.2025 r.) niezależnie od stosowanej technologii | K1: Rodzaj świadczonych usług przez Operatora Korzystającego na Państwa infrastrukturze (usługi hurtowe,usługi detaliczne) (stan na 31.12.2025 r.) (jeżeli informacja jest znana)
A2: 1 | C2: =IF(B2="", "", IF(COUNTIF(Baza!A:A, B2)=0, "Nieprawidłowy NIP", VLOOKUP(B2, Baza!A:B, 2, FALSE))) | E2: =IF(D2="", "", IF(COUNTIF(Baza!A:A, D2)=0, "Nieprawidłowy NIP", VLOOKUP(D2, Baza!A:B, 2, FALSE)))
A3: 2 | C3: =IF(B3="", "", IF(COUNTIF(Baza!A:A, B3)=0, "Nieprawidłowy NIP", VLOOKUP(B3, Baza!A:B, 2, FALSE))) | E3: =IF(D3="", "", IF(COUNTIF(Baza!A:A, D3)=0, "Nieprawidłowy NIP", VLOOKUP(D3, Baza!A:B, 2, FALSE)))
A4: 3 | C4: =IF(B4="", "", IF(COUNTIF(Baza!A:A, B4)=0, "Nieprawidłowy NIP", VLOOKUP(B4, Baza!A:B, 2, FALSE))) | E4: =IF(D4="", "", IF(COUNTIF(Baza!A:A, D4)=0, "Nieprawidłowy NIP", VLOOKUP(D4, Baza!A:B, 2, FALSE)))
A5: 4 | C5: =IF(B5="", "", IF(COUNTIF(Baza!A:A, B5)=0, "Nieprawidłowy NIP", VLOOKUP(B5, Baza!A:B, 2, FALSE))) | E5: =IF(D5="", "", IF(COUNTIF(Baza!A:A, D5)=0, "Nieprawidłowy NIP", VLOOKUP(D5, Baza!A:B, 2, FALSE)))
A6: 5 | C6: =IF(B6="", "", IF(COUNTIF(Baza!A:A, B6)=0, "Nieprawidłowy NIP", VLOOKUP(B6, Baza!A:B, 2, FALSE))) | E6: =IF(D6="", "", IF(COUNTIF(Baza!A:A, D6)=0, "Nieprawidłowy NIP", VLOOKUP(D6, Baza!A:B, 2, FALSE)))
A7: 6 | C7: =IF(B7="", "", IF(COUNTIF(Baza!A:A, B7)=0, "Nieprawidłowy NIP", VLOOKUP(B7, Baza!A:B, 2, FALSE))) | E7: =IF(D7="", "", IF(COUNTIF(Baza!A:A, D7)=0, "Nieprawidłowy NIP", VLOOKUP(D7, Baza!A:B, 2, FALSE)))
A8: 7 | C8: =IF(B8="", "", IF(COUNTIF(Baza!A:A, B8)=0, "Nieprawidłowy NIP", VLOOKUP(B8, Baza!A:B, 2, FALSE))) | E8: =IF(D8="", "", IF(COUNTIF(Baza!A:A, D8)=0, "Nieprawidłowy NIP", VLOOKUP(D8, Baza!A:B, 2, FALSE)))
A9: 8 | C9: =IF(B9="", "", IF(COUNTIF(Baza!A:A, B9)=0, "Nieprawidłowy NIP", VLOOKUP(B9, Baza!A:B, 2, FALSE))) | E9: =IF(D9="", "", IF(COUNTIF(Baza!A:A, D9)=0, "Nieprawidłowy NIP", VLOOKUP(D9, Baza!A:B, 2, FALSE)))
A10: 9 | C10: =IF(B10="", "", IF(COUNTIF(Baza!A:A, B10)=0, "Nieprawidłowy NIP", VLOOKUP(B10, Baza!A:B, 2, FALSE))) | E10: =IF(D10="", "", IF(COUNTIF(Baza!A:A, D10)=0, "Nieprawidłowy NIP", VLOOKUP(D10, Baza!A:B, 2, FALSE)))
A11: 10 | C11: =IF(B11="", "", IF(COUNTIF(Baza!A:A, B11)=0, "Nieprawidłowy NIP", VLOOKUP(B11, Baza!A:B, 2, FALSE))) | E11: =IF(D11="", "", IF(COUNTIF(Baza!A:A, D11)=0, "Nieprawidłowy NIP", VLOOKUP(D11, Baza!A:B, 2, FALSE)))
A12: 11 | C12: =IF(B12="", "", IF(COUNTIF(Baza!A:A, B12)=0, "Nieprawidłowy NIP", VLOOKUP(B12, Baza!A:B, 2, FALSE))) | E12: =IF(D12="", "", IF(COUNTIF(Baza!A:A, D12)=0, "Nieprawidłowy NIP", VLOOKUP(D12, Baza!A:B, 2, FALSE)))
A13: 12 | C13: =IF(B13="", "", IF(COUNTIF(Baza!A:A, B13)=0, "Nieprawidłowy NIP", VLOOKUP(B13, Baza!A:B, 2, FALSE))) | E13: =IF(D13="", "", IF(COUNTIF(Baza!A:A, D13)=0, "Nieprawidłowy NIP", VLOOKUP(D13, Baza!A:B, 2, FALSE)))
... A278: 277 | C278: =IF(B278="", "", IF(COUNTIF(Baza!A:A, B278)=0, "Nieprawidłowy NIP", VLOOKUP(B278, Baza!A:B, 2, FALSE))) | E278: =IF(D278="", "", IF(COUNTIF(Baza!A:A, D278)=0, "Nieprawidłowy NIP", VLOOKUP(D278, Baza!A:B, 2, FALSE)))

Sheet LLU
A1: L.p. | B1: NIP wezwanego Przedsiębiorcy (NIP podmiotu przekazującego dane w ramach wezwania) | C1: Nazwa wezwanego Przedsiębiorcy (Nazwa podmiotu przekazującego dane w ramach wezwania) | D1: NIP Przedsiębiorcy Korzystającego (OK) | E1: Nazwa Przedsiębiorcy Korzystającego (OK) | F1: Nazwa Podmiotu na rzecz którego nastąpiła sprzedaż (jeżeli po wpisaniu prawidłowego numeru NIP w kolumnie D nie pojawi się nazwa podmiotu w kolumnie E na rzecz którego realizowana był sprzedaż, należy w kolumnie F wpisać nazwę tego podmiotu (np. nazwę spółki cywilnej) | G1: Liczba świadczonych usług hurtowych LLU (Local Loop Unbundling - dostęp do uwolnionej pętli abonenckiej) w oparciu o infrastrukturę własną finansowaną ze środków publicznych niezależnie od stosowanej technologii (stan na 31.12.2025 r.) niezależnie od stosowanej technologii | H1: Liczba świadczonych usług hurtowych LLU (Local Loop Unbundling - dostęp do uwolnionej pętli abonenckiej) w oparciu o infrastrukturę obcą finansowaną ze środków publicznych niezależnie od stosowanej technologii (stan na 31.12.2025 r.) niezależnie od stosowanej technologii | I1: Liczba świadczonych usług hurtowych LLU (Local Loop Unbundling) dostęp do uwolnionej pętli abonenckiej w oparciu o pozostałą infrastrukturę własną (niedofinansowaną) niezależnie od stosowanej technologii (stan na 31.12.2025 r.) niezależnie od stosowanej technologii | J1: Liczba świadczonych usług hurtowych LLU (Local Loop Unbundling) dostęp do uwolnionej pętli abonenckiej w oparciu o pozostałą infrastrukturę obcą (niedofinansowaną) niezależnie od stosowanej technologii (stan na 31.12.2025 r.) niezależnie od stosowanej technologii
A2: 1 | C2: =IF(B2="", "", IF(COUNTIF(Baza!A:A, B2)=0, "Nieprawidłowy NIP", VLOOKUP(B2, Baza!A:B, 2, FALSE))) | E2: =IF(D2="", "", IF(COUNTIF(Baza!A:A, D2)=0, "Nieprawidłowy NIP", VLOOKUP(D2, Baza!A:B, 2, FALSE)))
A3: 2 | C3: =IF(B3="", "", IF(COUNTIF(Baza!A:A, B3)=0, "Nieprawidłowy NIP", VLOOKUP(B3, Baza!A:B, 2, FALSE))) | E3: =IF(D3="", "", IF(COUNTIF(Baza!A:A, D3)=0, "Nieprawidłowy NIP", VLOOKUP(D3, Baza!A:B, 2, FALSE)))
A4: 3 | C4: =IF(B4="", "", IF(COUNTIF(Baza!A:A, B4)=0, "Nieprawidłowy NIP", VLOOKUP(B4, Baza!A:B, 2, FALSE))) | E4: =IF(D4="", "", IF(COUNTIF(Baza!A:A, D4)=0, "Nieprawidłowy NIP", VLOOKUP(D4, Baza!A:B, 2, FALSE)))
A5: 4 | C5: =IF(B5="", "", IF(COUNTIF(Baza!A:A, B5)=0, "Nieprawidłowy NIP", VLOOKUP(B5, Baza!A:B, 2, FALSE))) | E5: =IF(D5="", "", IF(COUNTIF(Baza!A:A, D5)=0, "Nieprawidłowy NIP", VLOOKUP(D5, Baza!A:B, 2, FALSE)))
A6: 5 | C6: =IF(B6="", "", IF(COUNTIF(Baza!A:A, B6)=0, "Nieprawidłowy NIP", VLOOKUP(B6, Baza!A:B, 2, FALSE))) | E6: =IF(D6="", "", IF(COUNTIF(Baza!A:A, D6)=0, "Nieprawidłowy NIP", VLOOKUP(D6, Baza!A:B, 2, FALSE)))
A7: 6 | C7: =IF(B7="", "", IF(COUNTIF(Baza!A:A, B7)=0, "Nieprawidłowy NIP", VLOOKUP(B7, Baza!A:B, 2, FALSE))) | E7: =IF(D7="", "", IF(COUNTIF(Baza!A:A, D7)=0, "Nieprawidłowy NIP", VLOOKUP(D7, Baza!A:B, 2, FALSE)))
A8: 7 | C8: =IF(B8="", "", IF(COUNTIF(Baza!A:A, B8)=0, "Nieprawidłowy NIP", VLOOKUP(B8, Baza!A:B, 2, FALSE))) | E8: =IF(D8="", "", IF(COUNTIF(Baza!A:A, D8)=0, "Nieprawidłowy NIP", VLOOKUP(D8, Baza!A:B, 2, FALSE)))
A9: 8 | C9: =IF(B9="", "", IF(COUNTIF(Baza!A:A, B9)=0, "Nieprawidłowy NIP", VLOOKUP(B9, Baza!A:B, 2, FALSE))) | E9: =IF(D9="", "", IF(COUNTIF(Baza!A:A, D9)=0, "Nieprawidłowy NIP", VLOOKUP(D9, Baza!A:B, 2, FALSE)))
A10: 9 | C10: =IF(B10="", "", IF(COUNTIF(Baza!A:A, B10)=0, "Nieprawidłowy NIP", VLOOKUP(B10, Baza!A:B, 2, FALSE))) | E10: =IF(D10="", "", IF(COUNTIF(Baza!A:A, D10)=0, "Nieprawidłowy NIP", VLOOKUP(D10, Baza!A:B, 2, FALSE)))
A11: 10 | C11: =IF(B11="", "", IF(COUNTIF(Baza!A:A, B11)=0, "Nieprawidłowy NIP", VLOOKUP(B11, Baza!A:B, 2, FALSE))) | E11: =IF(D11="", "", IF(COUNTIF(Baza!A:A, D11)=0, "Nieprawidłowy NIP", VLOOKUP(D11, Baza!A:B, 2, FALSE)))
A12: 11 | C12: =IF(B12="", "", IF(COUNTIF(Baza!A:A, B12)=0, "Nieprawidłowy NIP", VLOOKUP(B12, Baza!A:B, 2, FALSE))) | E12: =IF(D12="", "", IF(COUNTIF(Baza!A:A, D12)=0, "Nieprawidłowy NIP", VLOOKUP(D12, Baza!A:B, 2, FALSE)))
A13: 12 | C13: =IF(B13="", "", IF(COUNTIF(Baza!A:A, B13)=0, "Nieprawidłowy NIP", VLOOKUP(B13, Baza!A:B, 2, FALSE))) | E13: =IF(D13="", "", IF(COUNTIF(Baza!A:A, D13)=0, "Nieprawidłowy NIP", VLOOKUP(D13, Baza!A:B, 2, FALSE)))
... A250: 249 | C250: =IF(B250="", "", IF(COUNTIF(Baza!A:A, B250)=0, "Nieprawidłowy NIP", VLOOKUP(B250, Baza!A:B, 2, FALSE))) | E250: =IF(D250="", "", IF(COUNTIF(Baza!A:A, D250)=0, "Nieprawidłowy NIP", VLOOKUP(D250, Baza!A:B, 2, FALSE)))

Sheet Baza
A1: nip | B1: nazwa_pt | C1: nr_pt | D1: data_wpisu_do_rejestru | E1: data_wykreslenia_z_rejestru | F1: forma_prawna | G1: kraj | H1: wojewodztwo | I1: powiat | J1: gmina | K1: kod_pocztowy | L1: miejscowosc | M1: ulica | N1: nr_domu | O1: nr_lokalu | P1: dzialalnosci_uslugi | Q1: dzialalnosci_sieci | R1: obszar_dzialalnosci | S1: adres_strony_www | T1: planowana_data_rozpoczecia_dzialalnosci | U1: planowana_data_zakonczenia_dzialalnosci | V1: data_wplywu_wniosku_o_wpis | W1: dzialalnosc_prawo_telekomunikacyjne
A2: 5260250995 | B2: ORANGE POLSKA SPÓŁKA AKCYJNA | C2: 1 | D2: 38261 | F2: S.A. | G2: RZECZPOSPOLITA POLSKA | H2: MAZOWIECKIE | I2: WARSZAWA | J2: WARSZAWA | K2: 02-326 | L2: WARSZAWA | M2: AL. JEROZOLIMSKIE | N2: 160 | P2: Stacjonarne usługi dostępu do Internetu - detal - hurt, Mobilne usługi dostępu do Internetu - detal - hurt, Stacjonarne usługi łączności interpersonalnej wykorzystujące numery (w tym usługi nomadyczne) - detal - hurt, Mobilne usługi łączności interpersonalnej wykorzystujące numery - detal - hurt, Transmisja danych - detal - hurt, Dzierżawa łączy telekomunikacyjnych - detal - hurt, Transmisja programów telewizyjnych - detal, Usługi roamingowe (MCA i MCV) - detal, Transport ruchu telefonicznego między operatorami - hurt, Usługi transmisji na potrzeby M2M - detal - hurt, Inne - hurt | Q2: Kabel parowy-miedziany (DSL), Kabel koncentryczny (TVK), Światłowód, Sieć elektroenergetyczna, Sieć bezprzewodowa - licencjonowane widmo, Sieć bezprzewodowa - nielicencjonowane widmo, Standardowa sieć komórkowa (np. 2G, 3G, 4G, 5G), Inne rozwiązania mobilne (np. sieci alarmowe TETRAPOL), Kable podmorskie | R2: RZECZPOSPOLITA POLSKA | S2: WWW.ORANGE.PL | V2: Wpis z urzędu
A3: 5271037727 | B3: POLKOMTEL SPÓŁKA Z OGRANICZONĄ ODPOWIEDZIALNOŚCIĄ | C3: 3 | D3: 38261 | F3: SP. Z O.O. | G3: RZECZPOSPOLITA POLSKA | H3: MAZOWIECKIE | I3: WARSZAWA | J3: WARSZAWA | K3: 02-673 | L3: WARSZAWA | M3: KONSTRUKTORSKA | N3: 4 | P3: Stacjonarne usługi dostępu do Internetu - detal - hurt, Mobilne usługi dostępu do Internetu - detal - hurt, Stacjonarne usługi łączności interpersonalnej wykorzystujące numery (w tym usługi nomadyczne) - detal - hurt, Mobilne usługi łączności interpersonalnej wykorzystujące numery - detal - hurt, Dzierżawa łączy telekomunikacyjnych - detal - hurt, Usługi roamingowe (MCA i MCV) - detal - hurt, Transport ruchu telefonicznego między operatorami - hurt, Usługi transmisji na potrzeby M2M - detal - hurt, Inne - detal - hurt | Q3: Kabel parowy-miedziany (DSL), Kabel koncentryczny (TVK), Światłowód, Sieć bezprzewodowa - licencjonowane widmo, Standardowa sieć komórkowa (np. 2G, 3G, 4G, 5G), Inne rozwiązania mobilne (np. sieci alarmowe TETRAPOL) | R3: RZECZPOSPOLITA POLSKA | S3: WWW.PLUS.PL | V3: Wpis z urzędu
A4: 5261040567 | B4: T-MOBILE POLSKA SPÓŁKA AKCYJNA | C4: 4 | D4: 38261 | F4: S.A. | G4: RZECZPOSPOLITA POLSKA | H4: MAZOWIECKIE | I4: WARSZAWA | J4: WARSZAWA | K4: 02-674 | L4: WARSZAWA | M4: MARYNARSKA | N4: 12 | P4: Stacjonarne usługi dostępu do Internetu - detal - hurt - sprzedaż, Mobilne usługi dostępu do Internetu - detal - hurt - sprzedaż, Stacjonarne usługi łączności interpersonalnej wykorzystujące numery (w tym usługi nomadyczne) - detal - hurt - sprzedaż, Mobilne usługi łączności interpersonalnej wykorzystujące numery - detal - hurt - sprzedaż, Transmisja danych - detal - hurt - sprzedaż, Dzierżawa łączy telekomunikacyjnych - detal - hurt - sprzedaż, Transmisja programów telewizyjnych - detal - sprzedaż, Usługi roamingowe (MCA i MCV) - detal - hurt - sprzedaż, Transport ruchu telefonicznego między operatorami - hurt, Usługi transmisji na potrzeby M2M - detal - hurt - sprzedaż | Q4: Światłowód, Sieć bezprzewodowa - licencjonowane widmo, Sieć bezprzewodowa - nielicencjonowane widmo, Standardowa sieć komórkowa (np. 2G, 3G, 4G, 5G), Inne rozwiązania mobilne (np. sieci alarmowe TETRAPOL) | R4: RZECZPOSPOLITA POLSKA | S4: WWW.T-MOBILE.PL | V4: Wpis z urzędu
A5: 5260205575 | B5: "NETIA" SPÓŁKA AKCYJNA | C5: 6 | D5: 38246 | F5: S.A. | G5: RZECZPOSPOLITA POLSKA | H5: MAZOWIECKIE | I5: WARSZAWA | J5: WARSZAWA | K5: 02-822 | L5: WARSZAWA | M5: POLECZKI | N5: 13 | P5: Stacjonarne usługi dostępu do Internetu - detal - hurt, Mobilne usługi dostępu do Internetu - detal, Stacjonarne usługi łączności interpersonalnej wykorzystujące numery (w tym usługi nomadyczne) - detal, Mobilne usługi łączności interpersonalnej wykorzystujące numery - detal, Transmisja danych - detal - hurt, Dzierżawa łączy telekomunikacyjnych - detal - hurt, Transmisja programów telewizyjnych - sprzedaż, Transmisja programów radiowych - detal, Usługi roamingowe (MCA i MCV) - detal, Transport ruchu telefonicznego między operatorami - detal - hurt | Q5: Kabel parowy-miedziany (DSL), Kabel koncentryczny (TVK), Światłowód, Sieć bezprzewodowa - licencjonowane widmo, Sieć bezprzewodowa - nielicencjonowane widmo, Standardowa sieć komórkowa (np. 2G, 3G, 4G, 5G) | R5: RZECZPOSPOLITA POLSKA | S5: WWW.NETIA.PL/PL | V5: Wpis z urzędu
A6: 5262548753 | B6: "TK TELEKOM" SPÓŁKA Z OGRANICZONĄ ODPOWIEDZIALNOŚCIĄ | C6: 7 | D6: 38254 | F6: SP. Z O.O. | G6: RZECZPOSPOLITA POLSKA | H6: MAZOWIECKIE | I6: WARSZAWA | J6: WARSZAWA | K6: 03-743 | L6: WARSZAWA | M6: KIJOWSKA | N6: 10/12A | P6: Stacjonarne usługi dostępu do Internetu - detal, Stacjonarne usługi łączności interpersonalnej wykorzystujące numery (w tym usługi nomadyczne) - detal, Mobilne usługi łączności interpersonalnej wykorzystujące numery - detal, Transmisja danych - detal - hurt, Dzierżawa łączy telekomunikacyjnych - detal - hurt, Transport ruchu telefonicznego między operatorami - detal - hurt | Q6: Kabel parowy-miedziany (DSL), Światłowód, Sieć bezprzewodowa - licencjonowane widmo, Sieć bezprzewodowa - nielicencjonowane widmo | R6: RZECZPOSPOLITA POLSKA | S6: WWW.NETIA.PL/PL/TRANSPORT/O-TK-TELEKOM | V6: Wpis z urzędu
A7: 5270104568 | B7: EXATEL SPÓŁKA AKCYJNA | C7: 18 | D7: 38261 | F7: S.A. | G7: RZECZPOSPOLITA POLSKA | H7: MAZOWIECKIE | I7: WARSZAWA | J7: WARSZAWA | K7: 04-164 | L7: WARSZAWA | M7: PERKUNA | N7: 47 | P7: Stacjonarne usługi dostępu do Internetu - detal - sprzedaż, Stacjonarne usługi łączności interpersonalnej wykorzystujące numery (w tym usługi nomadyczne) - detal - sprzedaż, Mobilne usługi łączności interpersonalnej wykorzystujące numery - detal - hurt - sprzedaż, Transmisja danych - detal - sprzedaż, Dzierżawa łączy telekomunikacyjnych - detal - sprzedaż, Transport ruchu telefonicznego między operatorami - hurt, Inne | Q7: Światłowód, Sieć bezprzewodowa - licencjonowane widmo, Standardowa sieć komórkowa (np. 2G, 3G, 4G, 5G), Sieć satelitarna | R7: RZECZPOSPOLITA POLSKA | S7: WWW.EXATEL.PL | V7: Wpis z urzędu
A8: 7690005408 | B8: AGENCJA ROZWOJU REGIONALNEGO "ARREKS" SPÓŁKA Z OGRANICZONĄ ODPOWIEDZIALNOŚCIĄ | C8: 21 | D8: 38261 | F8: SP. Z O.O. | G8: RZECZPOSPOLITA POLSKA | H8: ŁÓDZKIE | I8: BEŁCHATOWSKI | J8: KLESZCZÓW | K8: 97-410 | L8: KLESZCZÓW | M8: GŁÓWNA | N8: 122 | P8: Stacjonarne usługi dostępu do Internetu - detal, Stacjonarne usługi łączności interpersonalnej wykorzystujące numery (w tym usługi nomadyczne) - detal, Transmisja danych - detal, Transmisja programów telewizyjnych - sprzedaż | Q8: Światłowód, Sieć bezprzewodowa - nielicencjonowane widmo | R8: RZECZPOSPOLITA POLSKA | S8: WWW.ARREKS.COM.PL | V8: Wpis z urzędu
A9: 6340134205 | B9: COIG SPÓŁKA AKCYJNA | C9: 24 | D9: 38261 | F9: S.A. | G9: RZECZPOSPOLITA POLSKA | H9: ŚLĄSKIE | I9: KATOWICE | J9: KATOWICE | K9: 40-065 | L9: KATOWICE | M9: MIKOŁOWSKA | N9: 100 | P9: Stacjonarne usługi dostępu do Internetu - hurt - sprzedaż | Q9: Kabel parowy-miedziany (DSL), Światłowód | R9: RZECZPOSPOLITA POLSKA | S9: WWW.COIG.PL | V9: Wpis z urzędu
A10: 8120005470 | B10: ENEA WYTWARZANIE SPÓŁKA Z OGRANICZONĄ ODPOWIEDZIALNOŚCIĄ | C10: 26 | D10: 38261 | F10: SP. Z O.O. | G10: RZECZPOSPOLITA POLSKA | H10: MAZOWIECKIE | I10: KOZIENICKI | J10: KOZIENICE | K10: 26-900 | L10: ŚWIERŻE GÓRNE | M10: ALEJA JÓZEFA ZIELIŃSKIEGO | N10: 1 | P10: Stacjonarne usługi dostępu do Internetu - detal, Dzierżawa łączy telekomunikacyjnych - detal | Q10: Kabel parowy-miedziany (DSL) | R10: RZECZPOSPOLITA POLSKA | S10: WWW.ENEA.PL/PL/ENEA-WYTWARZANIE | V10: Wpis z urzędu
A11: 5261658238 | B11: SFERIA SPÓŁKA AKCYJNA | C11: 28 | D11: 38261 | F11: S.A. | G11: RZECZPOSPOLITA POLSKA | H11: MAZOWIECKIE | I11: WARSZAWA | J11: WARSZAWA | K11: 04-028 | L11: WARSZAWA | M11: ALEJA STANÓW ZJEDNOCZONYCH | N11: 61A | P11: Mobilne usługi dostępu do Internetu - detal, Mobilne usługi łączności interpersonalnej wykorzystujące numery - detal, Transmisja danych - detal | R11: RZECZPOSPOLITA POLSKA | S11: WWW.SFERIA.PL | V11: Wpis z urzędu
A12: 8321003377 | B12: TELEKOMUNIKACJA ZWIĄZKU GMIN ZIEMI WIELUŃSKIEJ SPÓŁKA AKCYJNA W UPADŁOŚCI | C12: 30 | D12: 38261 | E12: 46038 | F12: S.A. | G12: RZECZPOSPOLITA POLSKA | H12: ŁÓDZKIE | I12: WIELUŃSKI | J12: WIELUŃ | K12: 98-300 | L12: WIELUŃ | M12: PLAC LEGIONÓW | N12: 1 | P12: Stacjonarne usługi dostępu do Internetu - detal | R12: RZECZPOSPOLITA POLSKA | S12: WWW.TZG.PL | U12: 45957 | V12: Wpis z urzędu
A13: 8130268515 | B13: SPÓŁDZIELNIA TELEKOMUNIKACYJNA OST | C13: 36 | D13: 38261 | F13: SPÓŁDZIELNIE | G13: RZECZPOSPOLITA POLSKA | H13: PODKARPACKIE | I13: RZESZOWSKI | J13: TYCZYN | K13: 36-020 | L13: TYCZYN | M13: KOŚCIUSZKI | N13: 8 | P13: Stacjonarne usługi dostępu do Internetu - detal, Stacjonarne usługi łączności interpersonalnej wykorzystujące numery (w tym usługi nomadyczne) - detal, Transport ruchu telefonicznego między operatorami - detal | Q13: Kabel parowy-miedziany (DSL), Światłowód | R13: RZECZPOSPOLITA POLSKA | S13: WWW.OSTNET.PL | V13: Wpis z urzędu
A14: 6851656979 | B14: PRZEDSIĘBIORSTWO TELEKOMUNIKACYJNE "TELGAM" SPÓŁKA AKCYJNA | C14: 37 | D14: 38261 | F14: S.A. | G14: RZECZPOSPOLITA POLSKA | H14: PODKARPACKIE | I14: JASIELSKI | J14: JASŁO | K14: 38-200 | L14: JASŁO | M14: MICKIEWICZA ADAMA | N14: 148A | P14: Stacjonarne usługi dostępu do Internetu - detal, Mobilne usługi dostępu do Internetu - detal | Q14: Światłowód | R14: RZECZPOSPOLITA POLSKA | S14: WWW.TELGAM.PL | V14: Wpis z urzędu
A15: 5262419731 | B15: ARELION POLAND SPÓŁKA Z OGRANICZONĄ ODPOWIEDZIALNOŚCIĄ | C15: 43 | D15: 38261 | F15: SP. Z O.O. | G15: RZECZPOSPOLITA POLSKA | H15: MAZOWIECKIE | I15: WARSZAWA | J15: WARSZAWA | K15: 00-695 | L15: WARSZAWA | M15: NOWOGRODZKA | N15: 47A | P15: Transmisja danych - hurt, Dzierżawa łączy telekomunikacyjnych - hurt, Transport ruchu telefonicznego między operatorami - hurt | Q15: Światłowód | R15: RZECZPOSPOLITA POLSKA | S15: WWW.ARELION.COM | V15: Wpis z urzędu
A16: 5222499304 | B16: NIEZALEŻNY OPERATOR MIĘDZYSTREFOWY SPÓŁKA Z OGRANICZONĄ ODPOWIEDZIALNOŚCIĄ | C16: 44 | D16: 38261 | F16: SP. Z O.O. | G16: RZECZPOSPOLITA POLSKA | H16: MAZOWIECKIE | I16: WARSZAWA | J16: WARSZAWA | K16: 02-284 | L16: WARSZAWA | M16: AL. KRAKOWSKA | N16: 22A | P16: Stacjonarne usługi dostępu do Internetu - hurt, Mobilne usługi dostępu do Internetu - hurt, Stacjonarne usługi łączności interpersonalnej wykorzystujące numery (w tym usługi nomadyczne) - hurt, Mobilne usługi łączności interpersonalnej wykorzystujące numery - hurt, Transmisja danych - hurt, Dzierżawa łączy telekomunikacyjnych - hurt, Usługi roamingowe (MCA i MCV) - hurt, Transport ruchu telefonicznego między operatorami - hurt, Usługi transmisji na potrzeby M2M - hurt | R16: RZECZPOSPOLITA POLSKA | S16: Nie posiada | V16: Wpis z urzędu
A17: 7742271577 | B17: PETROTEL SPÓŁKA Z OGRANICZONĄ ODPOWIEDZIALNOŚCIĄ | C17: 45 | D17: 38261 | F17: SP. Z O.O. | G17: RZECZPOSPOLITA POLSKA | H17: MAZOWIECKIE | I17: PŁOCK | J17: PŁOCK | K17: 09-400 | L17: PŁOCK | M17: KOSTROGAJ | N17: 3 | P17: Stacjonarne usługi dostępu do Internetu - detal - hurt, Stacjonarne usługi łączności interpersonalnej wykorzystujące numery (w tym usługi nomadyczne) - detal, Transmisja danych - detal - hurt, Dzierżawa łączy telekomunikacyjnych - detal - hurt, Transmisja programów telewizyjnych - detal | Q17: Kabel parowy-miedziany (DSL), Światłowód, Sieć bezprzewodowa - licencjonowane widmo, Sieć bezprzewodowa - nielicencjonowane widmo | R17: RZECZPOSPOLITA POLSKA | S17: WWW.PETROTEL.PL | V17: Wpis z urzędu
A18: 5260036664 | B18: EM CAST SPÓŁKA Z OGRANICZONĄ ODPOWIEDZIALNOŚCIĄ | C18: 46 | D18: 38261 | E18: 45959 | F18: SP. Z O.O. | G18: RZECZPOSPOLITA POLSKA | H18: MAZOWIECKIE | I18: WARSZAWA | J18: WARSZAWA | K18: 02-796 | L18: WARSZAWA | M18: MIGDAŁOWA | N18: 4 | P18: Transmisja programów radiowych - hurt | R18: RZECZPOSPOLITA POLSKA | S18: Nie posiada | V18: Wpis z urzędu
A19: 5272171391 | B19: T-MOBILE POLSKA BUSINESS SOLUTIONS SPÓŁKA Z OGRANICZONĄ ODPOWIEDZIALNOŚCIĄ | C19: 50 | D19: 38261 | F19: SP. Z O.O. | G19: RZECZPOSPOLITA POLSKA | H19: MAZOWIECKIE | I19: WARSZAWA | J19: WARSZAWA | K19: 02-674 | L19: WARSZAWA | M19: MARYNARSKA | N19: 12 | P19: Transmisja danych - detal | R19: RZECZPOSPOLITA POLSKA | S19: WWW.BUSINESS.T-MOBILE.PL | V19: Wpis z urzędu
A20: 5252061127 | B20: GTS POLAND SPÓŁKA Z OGRANICZONĄ ODPOWIEDZIALNOŚCIĄ | C20: 52 | D20: 38261 | F20: SP. Z O.O. | G20: RZECZPOSPOLITA POLSKA | H20: MAZOWIECKIE | I20: WARSZAWA | J20: WARSZAWA | K20: 02-676 | L20: WARSZAWA | M20: POSTĘPU | N20: 15C | O20: 0.625 | P20: Stacjonarne usługi dostępu do Internetu - hurt, Transmisja danych - hurt, Dzierżawa łączy telekomunikacyjnych - hurt | R20: RZECZPOSPOLITA POLSKA | S20: WWW.GTS.PL | V20: Wpis z urzędu
A21: 7381022521 | B21: TELBESKID SPÓŁKA Z OGRANICZONĄ ODPOWIEDZIALNOŚCIĄ | C21: 57 | D21: 38261 | F21: SP. Z O.O. | G21: RZECZPOSPOLITA POLSKA | H21: MAŁOPOLSKIE | I21: NOWY SĄCZ | J21: NOWY SĄCZ | K21: 33-300 | L21: NOWY SĄCZ | M21: NOWY ŚWIAT | N21: 2 | P21: Stacjonarne usługi dostępu do Internetu - detal - sprzedaż, Stacjonarne usługi łączności interpersonalnej wykorzystujące numery (w tym usługi nomadyczne) - detal, Transmisja danych - detal, Dzierżawa łączy telekomunikacyjnych - detal | Q21: Kabel parowy-miedziany (DSL), Światłowód, Sieć bezprzewodowa - licencjonowane widmo, Sieć bezprzewodowa - nielicencjonowane widmo | R21: RZECZPOSPOLITA POLSKA | S21: WWW.TELBESKID.COM.PL | V21: Wpis z urzędu
A22: 5210417157 | B22: NAUKOWA I AKADEMICKA SIEĆ KOMPUTEROWA - PAŃSTWOWY INSTYTUT BADAWCZY | C22: 59 | D22: 38261 | F22: INSTYTUTY BADAWCZE I INSTYTUTY DZIAŁAJĄCE W RAMACH SIECI BADAWCZEJ ŁUKASIEWICZ | G22: RZECZPOSPOLITA POLSKA | H22: MAZOWIECKIE | I22: WARSZAWA | J22: WARSZAWA | K22: 01-045 | L22: WARSZAWA | M22: KOLSKA | N22: 12 | O22: - | P22: Stacjonarne usługi dostępu do Internetu - detal, Stacjonarne usługi łączności interpersonalnej wykorzystujące numery (w tym usługi nomadyczne) - detal, Transmisja danych - detal - hurt, Dzierżawa łączy telekomunikacyjnych - detal - hurt, Transport ruchu telefonicznego między operatorami - hurt | Q22: Światłowód, Sieć bezprzewodowa - licencjonowane widmo | R22: RZECZPOSPOLITA POLSKA | S22: WWW.NASK.PL | V22: Wpis z urzędu
A23: 8130014128 | B23: SPÓŁDZIELNIA TELEKOMUNIKACYJNA "WIST" W ŁĄCE | C23: 61 | D23: 38261 | F23: SPÓŁDZIELNIE | G23: RZECZPOSPOLITA POLSKA | H23: PODKARPACKIE | I23: RZESZOWSKI | J23: TRZEBOWNISKO | K23: 36-004 | L23: ŁĄKA | N23: 175 | P23: Stacjonarne usługi dostępu do Internetu - detal, Stacjonarne usługi łączności interpersonalnej wykorzystujące numery (w tym usługi nomadyczne) - detal, Transmisja danych - detal, Dzierżawa łączy telekomunikacyjnych - detal, Inne - detal | Q23: Kabel parowy-miedziany (DSL), Światłowód | R23: RZECZPOSPOLITA POLSKA | S23: WWW.WIST.COM.PL | V23: Wpis z urzędu
A24: 6312283637 | B24: "GALENA" SPÓŁKA Z OGRANICZONĄ ODPOWIEDZIALNOŚCIĄ | C24: 66 | D24: 38261 | F24: SP. Z O.O. | G24: RZECZPOSPOLITA POLSKA | H24: MAZOWIECKIE | I24: WARSZAWA | J24: WARSZAWA | K24: 01-230 | L24: WARSZAWA | M24: SKIERNIEWICKA | N24: 34A | O24: U01 | P24: Stacjonarne usługi łączności interpersonalnej wykorzystujące numery (w tym usługi nomadyczne) - detal, Mobilne usługi łączności interpersonalnej wykorzystujące numery - detal, Transport ruchu telefonicznego między operatorami - hurt | R24: RZECZPOSPOLITA POLSKA | S24: WWW.TELEGROSIK.PL | V24: Wpis z urzędu
A25: 9462337218 | B25: "WORLD DISCOUNT TELECOMMUNICATION POLSKA" SPÓŁKA Z OGRANICZONĄ ODPOWIEDZIALNOŚCIĄ | C25: 68 | D25: 38261 | F25: SP. Z O.O. | G25: RZECZPOSPOLITA POLSKA | H25: LUBELSKIE | I25: LUBLIN | J25: LUBLIN | K25: 20-632 | L25: LUBLIN | M25: SAWY JANA | N25: 2 | P25: Stacjonarne usługi dostępu do Internetu - detal, Stacjonarne usługi łączności interpersonalnej wykorzystujące numery (w tym usługi nomadyczne) - detal | Q25: Kabel parowy-miedziany (DSL) | R25: RZECZPOSPOLITA POLSKA | S25: Nie posiada | V25: Wpis z urzędu
A26: 8230001125 | B26: "TELEFONY PODLASKIE" SPÓŁKA AKCYJNA | C26: 77 | D26: 38261 | F26: S.A. | G26: RZECZPOSPOLITA POLSKA | H26: MAZOWIECKIE | I26: SOKOŁOWSKI | J26: SOKOŁÓW PODLASKI | K26: 08-300 | L26: SOKOŁÓW PODLASKI | M26: WOLNOŚCI | N26: 44 | P26: Stacjonarne usługi dostępu do Internetu - detal, Mobilne usługi dostępu do Internetu - detal, Stacjonarne usługi łączności interpersonalnej wykorzystujące numery (w tym usługi nomadyczne) - detal, Mobilne usługi łączności interpersonalnej wykorzystujące numery - detal, Transmisja danych - detal, Dzierżawa łączy telekomunikacyjnych - detal, Transmisja programów telewizyjnych - detal | Q26: Kabel parowy-miedziany (DSL), Światłowód, Standardowa sieć komórkowa (np. 2G, 3G, 4G, 5G) | R26: RZECZPOSPOLITA POLSKA | S26: WWW.TELEFONYPODLASKIESA.PL | V26: Wpis z urzędu
A27: 7961810732 | B27: CYFROWY POLSAT SPÓŁKA AKCYJNA | C27: 85 | D27: 38261 | F27: S.A. | G27: RZECZPOSPOLITA POLSKA | H27: MAZOWIECKIE | I27: WARSZAWA | J27: WARSZAWA | K27: 03-878 | L27: WARSZAWA | M27: ŁUBINOWA | N27: 4A | O27: - | P27: Mobilne usługi dostępu do Internetu - detal, Transmisja danych - detal, Transmisja programów telewizyjnych - detal, Transmisja programów radiowych - detal, Inne - detal - sprzedaż | R27: RZECZPOSPOLITA POLSKA | S27: WWW.POLSATBOX.PL | V27: Wpis z urzędu
A28: 5210412987 | B28: "TELEWIZJA POLSKA" SPÓŁKA AKCYJNA W LIKWIDACJI | C28: 86 | D28: 38261 | F28: S.A. | G28: RZECZPOSPOLITA POLSKA | H28: MAZOWIECKIE | I28: WARSZAWA | J28: WARSZAWA | K28: 00-999 | L28: WARSZAWA | M28: WORONICZA JANA PAWŁA | N28: 17 | P28: Transmisja programów telewizyjnych - sprzedaż | Q28: Sieć satelitarna | R28: RZECZPOSPOLITA POLSKA | S28: WWW.TVP.PL | V28: Wpis z urzędu
A29: 9512120077 | B29: "P4 SPÓŁKA Z OGRANICZONĄ ODPOWIEDZIALNOŚCIĄ" | C29: 92 | D29: 38246 | F29: SP. Z O.O. | G29: RZECZPOSPOLITA POLSKA | H29: MAZOWIECKIE | I29: WARSZAWA | J29: WARSZAWA | K29: 02-677 | L29: WARSZAWA | M29: WYNALAZEK | N29: 1 | P29: Stacjonarne usługi dostępu do Internetu, Mobilne usługi dostępu do Internetu, Transmisja danych, Usługi transmisji na potrzeby M2M | Q29: Światłowód, Sieć bezprzewodowa - licencjonowane widmo, Standardowa sieć komórkowa (np. 2G, 3G, 4G, 5G), Inne | R29: RZECZPOSPOLITA POLSKA | S29: WWW.WWW.PLAY.PL | V29: 38239
A30: 5651280983 | B30: EFEKT SERWIS WOJCIECH SZLECHTA | C30: 95 | D30: 38248 | F30: OSOBY FIZYCZNE PROWADZĄCE DZIAŁALNOŚĆ GOSPODARCZĄ | G30: RZECZPOSPOLITA POLSKA | H30: LUBELSKIE | I30: WŁODAWSKI | J30: WŁODAWA | K30: 22-200 | L30: WŁODAWA | M30: REYMONTA | N30: 12 | O30: LOKAL 1 | P30: Stacjonarne usługi dostępu do Internetu - detal, Mobilne usługi dostępu do Internetu - sprzedaż, Transmisja danych - detal | Q30: Światłowód, Sieć bezprzewodowa - nielicencjonowane widmo | R30: RZECZPOSPOLITA POLSKA | S30: WWW.EFEKT.NET.PL | V30: 38240
A31: 6911992305 | B31: JAROSŁAW JANCZAK F.H.U.P. "TURBO" | C31: 98 | D31: 38250 | F31: OSOBY FIZYCZNE PROWADZĄCE DZIAŁALNOŚĆ GOSPODARCZĄ | G31: RZECZPOSPOLITA POLSKA | H31: WIELKOPOLSKIE | I31: POZNAŃ | J31: POZNAŃ | K31: 60-693 | L31: POZNAŃ | M31: OBORNICKA | N31: 272A | P31: Stacjonarne usługi dostępu do Internetu - detal - sprzedaż | Q31: Sieć bezprzewodowa - nielicencjonowane widmo | R31: RZECZPOSPOLITA POLSKA | S31: Nie posiada | V31: 38243
A32: 6270007191 | B32: KREMPA JERZY "TELPOL" - PRZEDSIĘBIORSTWO PRODUKCYJNO-MONTAŻOWE URZĄDZEŃ ELEKTRONICZNYCH | C32: 108 | D32: 38250 | F32: OSOBY FIZYCZNE PROWADZĄCE DZIAŁALNOŚĆ GOSPODARCZĄ | G32: RZECZPOSPOLITA POLSKA | H32: ŚLĄSKIE | I32: CHORZÓW | J32: CHORZÓW | K32: 41-506 | L32: CHORZÓW | M32: UL.RACJONALIZATORÓW | N32: 10 | P32: Stacjonarne usługi dostępu do Internetu - detal, Mobilne usługi dostępu do Internetu - sprzedaż, Transmisja danych - detal - hurt, Dzierżawa łączy telekomunikacyjnych - detal - hurt, Transmisja programów telewizyjnych - detal - sprzedaż, Transmisja programów radiowych - detal - sprzedaż | Q32: Kabel koncentryczny (TVK), Światłowód | R32: RZECZPOSPOLITA POLSKA | S32: WWW.TELPOL.NET.PL | V32: 38243
A33: 5272367786 | B33: BT POLAND SPÓŁKA Z OGRANICZONĄ ODPOWIEDZIALNOŚCIĄ | C33: 109 | D33: 38251 | F33: SP. Z O.O. | G33: RZECZPOSPOLITA POLSKA | H33: MAZOWIECKIE | I33: WARSZAWA | J33: WARSZAWA | K33: 00-008 | L33: WARSZAWA | M33: UL. MARSZAŁKOWSKA | N33: 126/134 | P33: Stacjonarne usługi dostępu do Internetu - detal - hurt - sprzedaż, Stacjonarne usługi łączności interpersonalnej wykorzystujące numery (w tym usługi nomadyczne) - detal - hurt - sprzedaż, Transmisja danych - detal - hurt - sprzedaż, Dzierżawa łączy telekomunikacyjnych - detal - hurt - sprzedaż, Usługi transmisji na potrzeby M2M - detal - hurt - sprzedaż | Q33: Światłowód | R33: RZECZPOSPOLITA POLSKA | S33: Nie posiada | V33: 38244
A34: 6110101722 | B34: LIBER JERZY TELERADIOMECHANIKA JERZY LIBER W SPADKU | C34: 115 | D34: 38245 | F34: OSOBY FIZYCZNE PROWADZĄCE DZIAŁALNOŚĆ GOSPODARCZĄ | G34: RZECZPOSPOLITA POLSKA | H34: DOLNOŚLĄSKIE | I34: JELENIA GÓRA | J34: JELENIA GÓRA | K34: 58-500 | L34: JELENIA GÓRA | M34: PODLEŚNA | N34: 28 | P34: Stacjonarne usługi dostępu do Internetu - detal, Transmisja programów telewizyjnych - detal | Q34: Kabel koncentryczny (TVK) | R34: RZECZPOSPOLITA POLSKA | S34: WWW.TVKLWOWEK.PL | V34: 38245
A35: 6681833016 | B35: "OPEN WAY" ŁUKASZ JANKOWIAK | C35: 124 | D35: 38253 | E35: 45833 | F35: OSOBY FIZYCZNE PROWADZĄCE DZIAŁALNOŚĆ GOSPODARCZĄ | G35: RZECZPOSPOLITA POLSKA | H35: WIELKOPOLSKIE | I35: TURECKI | J35: WŁADYSŁAWÓW | K35: 62-710 | L35: WŁADYSŁAWÓW | M35: ORLA | N35: 28 | R35: WOJEWÓDZTWO WIELKOPOLSKIE, POWIAT KONIŃSKI, GMINA KRAMSK, WOJEWÓDZTWO WIELKOPOLSKIE, POWIAT KONIŃSKI, GMINA KRZYMÓW, WOJEWÓDZTWO WIELKOPOLSKIE, POWIAT TURECKI, GMINA TULISZKÓW, WOJEWÓDZTWO WIELKOPOLSKIE, POWIAT TURECKI, GMINA WŁADYSŁAWÓW | U35: 45818 | V35: 38246
A36: 7250013208 | B36: "TOYA"-SPÓŁKA Z OGRANICZONĄ ODPOWIEDZIALNOŚCIĄ | C36: 127 | D36: 38253 | F36: SP. Z O.O. | G36: RZECZPOSPOLITA POLSKA | H36: ŁÓDZKIE | I36: ŁÓDŹ | J36: ŁÓDŹ | K36: 90-554 | L36: ŁÓDŹ | M36: ŁĄKOWA | N36: 29 | P36: Stacjonarne usługi dostępu do Internetu - detal - hurt, Mobilne usługi dostępu do Internetu - detal, Stacjonarne usługi łączności interpersonalnej wykorzystujące numery (w tym usługi nomadyczne) - detal, Mobilne usługi łączności interpersonalnej wykorzystujące numery - detal, Transmisja danych - detal, Dzierżawa łączy telekomunikacyjnych - detal, Transmisja programów telewizyjnych - detal - hurt, Transmisja programów radiowych - detal | Q36: Kabel koncentryczny (TVK), Światłowód | R36: RZECZPOSPOLITA POLSKA | S36: WWW.TOYA.NET.PL | V36: 38246
A37: 7960037796 | B37: T-MONT ZAKŁAD USŁUGOWO-HANDLOWY MAREK MRUK | C37: 128 | D37: 38254 | E37: 45755 | F37: OSOBY FIZYCZNE PROWADZĄCE DZIAŁALNOŚĆ GOSPODARCZĄ | G37: RZECZPOSPOLITA POLSKA | H37: MAZOWIECKIE | I37: RADOM | J37: RADOM M. | K37: 26-600 | L37: RADOM | M37: STRUGA | N37: 54 | R37: RZECZPOSPOLITA POLSKA | U37: 45747 | V37: 38247
A38: 6332024494 | B38: ALARMADI ADRIAN DOBROGOWSKI | C38: 134 | D38: 38257 | F38: OSOBY FIZYCZNE PROWADZĄCE DZIAŁALNOŚĆ GOSPODARCZĄ | G38: RZECZPOSPOLITA POLSKA | H38: ŚLĄSKIE | I38: CIESZYŃSKI | J38: ZEBRZYDOWICE | K38: 43-410 | L38: ZEBRZYDOWICE | M38: STROMA | N38: 7 | P38: Stacjonarne usługi dostępu do Internetu - detal | R38: RZECZPOSPOLITA POLSKA | S38: WWW.ALARMADI.PL | V38: 38247
A39: 9290117518 | B39: "OSTROWSKI" SPÓŁKA Z OGRANICZONĄ ODPOWIEDZIALNOŚCIĄ | C39: 135 | D39: 38257 | F39: SP. Z O.O. | G39: RZECZPOSPOLITA POLSKA | H39: MAZOWIECKIE | I39: WARSZAWA | J39: WARSZAWA | K39: 00-739 | L39: WARSZAWA | M39: STĘPIŃSKA | N39: 22 | O39: 30 | P39: Stacjonarne usługi dostępu do Internetu - detal, Transmisja programów telewizyjnych - detal | Q39: Kabel koncentryczny (TVK), Światłowód | R39: RZECZPOSPOLITA POLSKA | S39: WWW.OSTROWSKI.PL | V39: 38250
A40: 5542371965 | B40: PETRUS SPÓŁKA Z OGRANICZONĄ ODPOWIEDZIALNOŚCIĄ | C40: 139 | D40: 38259 | F40: SP. Z O.O. | G40: RZECZPOSPOLITA POLSKA | H40: POMORSKIE | I40: CHOJNICKI | J40: CHOJNICE | K40: 89-600 | L40: CHOJNICE | M40: STASZICA | N40: 30 | P40: Stacjonarne usługi dostępu do Internetu - detal, Stacjonarne usługi łączności interpersonalnej wykorzystujące numery (w tym usługi nomadyczne) - detal, Transmisja programów telewizyjnych - detal | Q40: Kabel koncentryczny (TVK), Światłowód, Sieć bezprzewodowa - nielicencjonowane widmo | R40: RZECZPOSPOLITA POLSKA | S40: WWW.PETRUS.PL | V40: 38252
A41: 5262072380 | B41: IMEDIA NORBERT DĄBROWSKI | C41: 148 | D41: 38260 | E41: 45854 | F41: OSOBY FIZYCZNE PROWADZĄCE DZIAŁALNOŚĆ GOSPODARCZĄ | G41: RZECZPOSPOLITA POLSKA | H41: MAZOWIECKIE | I41: WARSZAWA | J41: WARSZAWA | K41: 00-519 | L41: WARSZAWA | M41: WSPÓLNA | N41: 27A | O41: 48 | R41: RZECZPOSPOLITA POLSKA | V41: 38246
A42: 5750008238 | B42: SPÓŁDZIELNIA MIESZKANIOWA "STRZECHA" W LUBLIŃCU | C42: 149 | D42: 38337 | E42: 45811 | F42: SPÓŁDZIELNIE | G42: RZECZPOSPOLITA POLSKA | H42: ŚLĄSKIE | I42: LUBLINIECKI | J42: LUBLINIEC | K42: 42-700 | L42: LUBLINIEC | M42: CZĘSTOCHOWSKA | N42: 2 | P42: Transmisja programów telewizyjnych - detal | Q42: Kabel koncentryczny (TVK) | R42: RZECZPOSPOLITA POLSKA | S42: Nie posiada | U42: 45808 | V42: 38330
A43: 5921809868 | B43: "OSIEKNET" MAREK CHABOWSKI | C43: 158 | D43: 38259 | F43: OSOBY FIZYCZNE PROWADZĄCE DZIAŁALNOŚĆ GOSPODARCZĄ | G43: RZECZPOSPOLITA POLSKA | H43: POMORSKIE | I43: STAROGARDZKI | J43: OSIEK | K43: 83-221 | L43: OSIEK | M43: KWIATOWA | N43: 7 | Q43: Sieć bezprzewodowa - nielicencjonowane widmo | R43: RZECZPOSPOLITA POLSKA | S43: Nie posiada | V43: 38252
A44: 5220003718 | B44: SILTEC SP. Z O.O. | C44: 162 | D44: 38261 | E44: 45852 | F44: SP. Z O.O. | G44: RZECZPOSPOLITA POLSKA | H44: MAZOWIECKIE | I44: PRUSZKOWSKI | J44: PRUSZKÓW | K44: 05-800 | L44: PRUSZKÓW | M44: PARZNIEWSKA | N44: 12 | R44: RZECZPOSPOLITA POLSKA | V44: 38254
A45: 5732492790 | B45: @ALFANET MARCIN MAŁOLEPSZY | C45: 163 | D45: 38261 | F45: OSOBY FIZYCZNE PROWADZĄCE DZIAŁALNOŚĆ GOSPODARCZĄ | G45: RZECZPOSPOLITA POLSKA | H45: ŚLĄSKIE | I45: CZĘSTOCHOWA | J45: CZĘSTOCHOWA | K45: 42-209 | L45: CZĘSTOCHOWA | M45: SOLNA | N45: 27 | P45: Stacjonarne usługi dostępu do Internetu - detal - hurt - sprzedaż, Mobilne usługi dostępu do Internetu - detal, Stacjonarne usługi łączności interpersonalnej wykorzystujące numery (w tym usługi nomadyczne) - detal, Transmisja danych - detal - hurt - sprzedaż, Dzierżawa łączy telekomunikacyjnych - hurt, Transmisja programów telewizyjnych - detal | Q45: Sieć bezprzewodowa - nielicencjonowane widmo | R45: RZECZPOSPOLITA POLSKA | S45: WWW.ALFANET24.PL | V45: 38254
A46: 7142052401 | B46: AMBIT SYSTEMY INFORMATYCZNE SPÓŁKA Z OGRANICZONĄ ODPOWIEDZIALNOŚCIĄ | C46: 165 | D46: 38261 | F46: SP. Z O.O. | G46: RZECZPOSPOLITA POLSKA | H46: LUBELSKIE | I46: LUBARTOWSKI | J46: LUBARTÓW | K46: 21-100 | L46: LUBARTÓW | M46: PIASKOWA | N46: 34A | P46: Stacjonarne usługi dostępu do Internetu - detal, Mobilne usługi dostępu do Internetu - detal, Stacjonarne usługi łączności interpersonalnej wykorzystujące numery (w tym usługi nomadyczne) - detal, Mobilne usługi łączności interpersonalnej wykorzystujące numery - detal, Transmisja danych - detal, Dzierżawa łączy telekomunikacyjnych - detal, Inne - detal | Q46: Światłowód, Sieć bezprzewodowa - nielicencjonowane widmo, Standardowa sieć komórkowa (np. 2G, 3G, 4G, 5G), Inne | R46: RZECZPOSPOLITA POLSKA | S46: WWW.AMBIT24.NET | V46: 38254
A47: 6161221264 | B47: "SOGEN" ZAKŁAD USŁUG INFORMATYCZNYCH GRZEGORZ PIEJKO | C47: 168 | D47: 38261 | F47: OSOBY FIZYCZNE PROWADZĄCE DZIAŁALNOŚĆ GOSPODARCZĄ | G47: RZECZPOSPOLITA POLSKA | H47: DOLNOŚLĄSKIE | I47: LWÓWECKI | J47: GRYFÓW ŚLĄSKI | K47: 59-620 | L47: GRYFÓW ŚLĄSKI | M47: LUBAŃSKA | N47: 44 | P47: Stacjonarne usługi dostępu do Internetu - detal | Q47: Sieć bezprzewodowa - nielicencjonowane widmo | R47: RZECZPOSPOLITA POLSKA | S47: WWW.SOGEN.PL/?O-FIRMIE,17 | V47: 38257
A48: 5861044881 | B48: MULTIMEDIA POLSKA SPÓŁKA Z OGRANICZONĄ ODPOWIEDZIALNOŚCIĄ | C48: 180 | D48: 38321 | F48: SP. Z O.O. | G48: RZECZPOSPOLITA POLSKA | H48: POMORSKIE | I48: GDYNIA | J48: GDYNIA | K48: 81-525 | L48: GDYNIA | M48: AL. ZWYCIĘSTWA | N48: 253 | P48: Stacjonarne usługi dostępu do Internetu - detal - hurt, Mobilne usługi dostępu do Internetu - detal, Stacjonarne usługi łączności interpersonalnej wykorzystujące numery (w tym usługi nomadyczne) - detal - hurt, Mobilne usługi łączności interpersonalnej wykorzystujące numery - detal, Transmisja danych - detal - hurt, Dzierżawa łączy telekomunikacyjnych - detal - hurt, Transmisja programów telewizyjnych - detal, Transmisja programów radiowych - detal, Transport ruchu telefonicznego między operatorami - hurt, Usługi transmisji na potrzeby M2M - detal | Q48: Kabel parowy-miedziany (DSL), Kabel koncentryczny (TVK), Światłowód, Sieć bezprzewodowa - licencjonowane widmo, Sieć bezprzewodowa - nielicencjonowane widmo | R48: RZECZPOSPOLITA POLSKA | S48: WWW.MULTIMEDIA.PL | V48: 38252
A49: 7690502928 | B49: ZELOWSKA SPÓŁDZIELNIA MIESZKANIOWA W ZELOWIE | C49: 190 | D49: 38285 | F49: SPÓŁDZIELNIE | G49: RZECZPOSPOLITA POLSKA | H49: ŁÓDZKIE | I49: BEŁCHATOWSKI | J49: ZELÓW | K49: 97-425 | L49: ZELÓW | M49: ŻEROMSKIEGO STEFANA | N49: 43 | P49: Transmisja programów telewizyjnych - detal, Transmisja programów radiowych - detal | Q49: Kabel koncentryczny (TVK) | R49: WOJEWÓDZTWO ŁÓDZKIE, POWIAT BEŁCHATOWSKI, GMINA ZELÓW, WOJEWÓDZTWO ŁÓDZKIE, POWIAT BEŁCHATOWSKI, GMINA ZELÓW (MIASTO W GMINIE MIEJSKO-WIEJSKIEJ) | S49: Nie posiada | V49: 38279
A50: 8792395402 | B50: DATA SPACE SPÓŁKA Z OGRANICZONĄ ODPOWIEDZIALNOŚCIĄ | C50: 192 | D50: 38267 | E50: 45786 | F50: SP. Z O.O. | G50: RZECZPOSPOLITA POLSKA | H50: KUJAWSKO-POMORSKIE | I50: TORUŃ | J50: TORUŃ | K50: 87-100 | L50: TORUŃ | M50: WŁOCŁAWSKA | N50: 161 | R50: RZECZPOSPOLITA POLSKA | U50: 45747 | V50: 38231
A51: 8441534746 | B51: "E-MOUSE" KAROL URBANOWICZ | C51: 193 | D51: 38267 | F51: OSOBY FIZYCZNE PROWADZĄCE DZIAŁALNOŚĆ GOSPODARCZĄ | G51: RZECZPOSPOLITA POLSKA | H51: PODLASKIE | I51: SUWAŁKI | J51: SUWAŁKI | K51: 16-400 | L51: SUWAŁKI | M51: CHŁODNA | N51: 11 | P51: Stacjonarne usługi dostępu do Internetu - detal | Q51: Światłowód, Sieć bezprzewodowa - nielicencjonowane widmo | R51: RZECZPOSPOLITA POLSKA | S51: WWW.EMOUSE.PL | V51: 38264
A52: 9511814122 | B52: PC-SERWIS WOJCIECH PŁOSAJ | C52: 196 | D52: 38267 | F52: OSOBY FIZYCZNE PROWADZĄCE DZIAŁALNOŚĆ GOSPODARCZĄ | G52: RZECZPOSPOLITA POLSKA | H52: MAZOWIECKIE | I52: WARSZAWA | J52: WARSZAWA | K52: 02-785 | L52: WARSZAWA | M52: SUROWIECKIEGO WAWRZYŃCA | N52: 4 | P52: Stacjonarne usługi dostępu do Internetu - detal | Q52: Światłowód | R52: RZECZPOSPOLITA POLSKA | S52: WWW.MET.PL | V52: 38265
A53: 6751253354 | B53: SZYMON CHMIELAK "COOL-NET" | C53: 198 | D53: 38268 | F53: OSOBY FIZYCZNE PROWADZĄCE DZIAŁALNOŚĆ GOSPODARCZĄ | G53: RZECZPOSPOLITA POLSKA | H53: ŚLĄSKIE | I53: TYCHY | J53: TYCHY | K53: 43-100 | L53: TYCHY | M53: BARONA JANA | N53: 24C | O53: 9 | P53: Stacjonarne usługi dostępu do Internetu - detal | Q53: Światłowód | R53: RZECZPOSPOLITA POLSKA | S53: WWW.COOL-NET.PL | V53: 38261
A54: 9492208796 | B54: TELSAT.TV SPÓŁKA Z OGRANICZONĄ ODPOWIEDZIALNOŚCIĄ | C54: 199 | D54: 38268 | F54: SP. Z O.O. | G54: RZECZPOSPOLITA POLSKA | H54: ŚLĄSKIE | I54: CZĘSTOCHOWA | J54: CZĘSTOCHOWA | K54: 42-202 | L54: CZĘSTOCHOWA | M54: WILSONA | N54: 46366 | O54: LOK. 56 | P54: Stacjonarne usługi dostępu do Internetu - detal, Dzierżawa łączy telekomunikacyjnych - detal, Transmisja programów telewizyjnych - detal | Q54: Kabel koncentryczny (TVK), Światłowód | R54: RZECZPOSPOLITA POLSKA | S54: WWW.TELSAT.TV | V54: 38261
A55: 5130049898 | B55: MARCIN NOWORYTA MGR INŻ. MARCIN NOWORYTA PRZEDSIĘBIORSTWO PRODUKCYJNO HANDLOWO USŁUGOWE VISUAL-COMP NAZWA SKRÓCONA:VISUAL-COMP | C55: 203 | D55: 38268 | F55: OSOBY FIZYCZNE PROWADZĄCE DZIAŁALNOŚĆ GOSPODARCZĄ | G55: RZECZPOSPOLITA POLSKA | H55: MAŁOPOLSKIE | I55: KRAKOWSKI | J55: KRZESZOWICE | K55: 32-065 | L55: MIĘKINIA | M55: MIĘKINIA | N55: 246 | P55: Stacjonarne usługi dostępu do Internetu - detal, Stacjonarne usługi łączności interpersonalnej wykorzystujące numery (w tym usługi nomadyczne) - detal, Mobilne usługi łączności interpersonalnej wykorzystujące numery - detal, Transmisja danych - detal, Dzierżawa łączy telekomunikacyjnych - detal, Inne - detal | Q55: Światłowód, Sieć bezprzewodowa - nielicencjonowane widmo | R55: RZECZPOSPOLITA POLSKA | S55: WWW.VISUAL-COMP.PL | V55: 38265
A56: 6550010604 | B56: MARIUSZ MACHNIK - FIRMA WIELOBRANŻOWA "ANMA" | C56: 209 | D56: 38268 | F56: OSOBY FIZYCZNE PROWADZĄCE DZIAŁALNOŚĆ GOSPODARCZĄ | G56: RZECZPOSPOLITA POLSKA | H56: ŚWIĘTOKRZYSKIE | I56: STASZOWSKI | J56: STASZÓW | K56: 28-200 | L56: STASZÓW | M56: CZYSTA | N56: 1 | P56: Stacjonarne usługi dostępu do Internetu - detal | Q56: Światłowód, Sieć bezprzewodowa - nielicencjonowane widmo | R56: RZECZPOSPOLITA POLSKA | S56: WWW.PCANMA.EU | V56: 38266
A57: 6591463202 | B57: NILES SPÓŁKA Z OGRANICZONĄ ODPOWIEDZIALNOŚCIĄ | C57: 224 | D57: 38274 | F57: SP. Z O.O. | G57: RZECZPOSPOLITA POLSKA | H57: MAŁOPOLSKIE | I57: MIECHOWSKI | J57: MIECHÓW | K57: 32-200 | L57: MIECHÓW | M57: MICKIEWICZA ADAMA | N57: 8 | O57: 4 | P57: Stacjonarne usługi dostępu do Internetu - detal | Q57: Kabel parowy-miedziany (DSL), Światłowód, Sieć bezprzewodowa - nielicencjonowane widmo | R57: RZECZPOSPOLITA POLSKA | S57: WWW.NILES.PL | V57: 38272
A58: 7631648369 | B58: IZOMET PIOTR KUROWSKI | C58: 225 | D58: 38274 | F58: OSOBY FIZYCZNE PROWADZĄCE DZIAŁALNOŚĆ GOSPODARCZĄ | G58: RZECZPOSPOLITA POLSKA | H58: WIELKOPOLSKIE | I58: SZAMOTULSKI | J58: WRONKI | K58: 64-510 | L58: WRONKI | M58: UL. JAWOROWA | N58: 8 | P58: Stacjonarne usługi dostępu do Internetu - sprzedaż | Q58: Sieć bezprzewodowa - nielicencjonowane widmo | R58: RZECZPOSPOLITA POLSKA | S58: WWW.IZOMET.NET | V58: 38272
A59: 8221388314 | B59: WIFIKOMPUTER JACEK PSZCZÓŁKOWSKI | C59: 231 | D59: 38275 | F59: OSOBY FIZYCZNE PROWADZĄCE DZIAŁALNOŚĆ GOSPODARCZĄ | G59: RZECZPOSPOLITA POLSKA | H59: MAZOWIECKIE | I59: MIŃSKI | J59: MIŃSK MAZOWIECKI | K59: 05-300 | L59: MIŃSK MAZOWIECKI | M59: JANA PAWŁA II | N59: 21A | O59: 10 | Q59: Światłowód | R59: RZECZPOSPOLITA POLSKA | S59: WWW.WIFIKOMPUTER.PL | T59: 38322 | V59: 38274
A60: 1181577151 | B60: EXA INFRASTRUCTURE POLAND SPÓŁKA Z OGRANICZONĄ ODPOWIEDZIALNOŚCIĄ | C60: 236 | D60: 38278 | F60: SP. Z O.O. | G60: RZECZPOSPOLITA POLSKA | H60: MAZOWIECKIE | I60: WARSZAWA | J60: WARSZAWA | K60: 00-613 | L60: WARSZAWA | M60: TYTUSA CHAŁUBIŃSKIEGO | N60: 8 | P60: Dzierżawa łączy telekomunikacyjnych - hurt | R60: RZECZPOSPOLITA POLSKA | S60: WWW.EXAINFRA.NET | V60: 38272
A61: 5372242618 | B61: PAPRZYCKI PIOTR Z.A.E. FERLAB | C61: 238 | D61: 38278 | F61: OSOBY FIZYCZNE PROWADZĄCE DZIAŁALNOŚĆ GOSPODARCZĄ | G61: RZECZPOSPOLITA POLSKA | H61: LUBELSKIE | I61: BIAŁA PODLASKA | J61: BIAŁA PODLASKA | K61: 21-500 | L61: BIAŁA PODLASKA | M61: MŁYŃSKA | N61: 21 | P61: Stacjonarne usługi dostępu do Internetu - detal, Transmisja danych - detal | Q61: Sieć bezprzewodowa - nielicencjonowane widmo | R61: RZECZPOSPOLITA POLSKA | S61: WWW.FERLAB.NET.PL | T61: 38108 | V61: 38273
A62: 6281959506 | B62: FIRMA PRZEMYSŁOWO-HANDLOWO-USŁUGOWA "TEKANET" KONRAD NIEWIEDZIAŁ | C62: 258 | D62: 38288 | F62: OSOBY FIZYCZNE PROWADZĄCE DZIAŁALNOŚĆ GOSPODARCZĄ | G62: RZECZPOSPOLITA POLSKA | H62: MAŁOPOLSKIE | I62: CHRZANOWSKI | J62: TRZEBINIA | K62: 32-540 | L62: TRZEBINIA | M62: OSIEDLE WIDOKOWE | N62: 17 | O62: 50 | P62: Stacjonarne usługi dostępu do Internetu - detal | Q62: Światłowód | R62: RZECZPOSPOLITA POLSKA | S62: WWW.TEKANET.PL | V62: 38281
A63: 6931009130 | B63: HERON, ROBERT HERON | C63: 265 | D63: 38288 | F63: OSOBY FIZYCZNE PROWADZĄCE DZIAŁALNOŚĆ GOSPODARCZĄ | G63: RZECZPOSPOLITA POLSKA | H63: DOLNOŚLĄSKIE | I63: WROCŁAW | J63: WROCŁAW | K63: 50-077 | L63: WROCŁAW | M63: UL. KAZIMIERZA WIELKIEGO | N63: 29A | P63: Stacjonarne usługi dostępu do Internetu - detal | R63: RZECZPOSPOLITA POLSKA | S63: WWW.HERON.PL | V63: 38281
A64: 6140003645 | B64: ZAKŁAD USŁUG TELEWIZJI KABLOWEJ LESŁAW DOROBEK | C64: 266 | D64: 38289 | F64: OSOBY FIZYCZNE PROWADZĄCE DZIAŁALNOŚĆ GOSPODARCZĄ | G64: RZECZPOSPOLITA POLSKA | H64: DOLNOŚLĄSKIE | I64: KAMIENNOGÓRSKI | J64: KAMIENNA GÓRA | K64: 58-400 | L64: KAMIENNA GÓRA | M64: CICHA | N64: 8 | P64: Stacjonarne usługi dostępu do Internetu - detal, Transmisja programów telewizyjnych - detal | Q64: Kabel koncentryczny (TVK), Światłowód | R64: RZECZPOSPOLITA POLSKA | S64: WWW.TVKG.NET | V64: 38285
A65: 7881870643 | B65: MACIEJ KOSTECKI NET-24H | C65: 268 | D65: 38289 | F65: OSOBY FIZYCZNE PROWADZĄCE DZIAŁALNOŚĆ GOSPODARCZĄ | G65: RZECZPOSPOLITA POLSKA | H65: WIELKOPOLSKIE | I65: NOWOTOMYSKI | J65: NOWY TOMYŚL | K65: 64-300 | L65: NOWY TOMYŚL | M65: KOŚCIUSZKI TADEUSZA | N65: 27 | O65: B | P65: Stacjonarne usługi dostępu do Internetu - detal - hurt - sprzedaż, Dzierżawa łączy telekomunikacyjnych - detal - hurt - sprzedaż | Q65: Światłowód, Sieć bezprzewodowa - nielicencjonowane widmo | R65: RZECZPOSPOLITA POLSKA | S65: WWW.NET-24H.PL | V65: 38285
A66: 7621012339 | B66: FUZ ADAM ROJEK | C66: 272 | D66: 38294 | F66: OSOBY FIZYCZNE PROWADZĄCE DZIAŁALNOŚĆ GOSPODARCZĄ | G66: RZECZPOSPOLITA POLSKA | H66: MAZOWIECKIE | I66: WYSZKOWSKI | J66: WYSZKÓW | K66: 07-200 | L66: WYSZKÓW | M66: ŚWIĘTOJAŃSKA | N66: 46 | P66: Stacjonarne usługi dostępu do Internetu - detal, Stacjonarne usługi łączności interpersonalnej wykorzystujące numery (w tym usługi nomadyczne) - detal, Transmisja danych - detal - hurt, Dzierżawa łączy telekomunikacyjnych - detal, Transmisja programów telewizyjnych - detal | Q66: Światłowód, Sieć bezprzewodowa - nielicencjonowane widmo | R66: RZECZPOSPOLITA POLSKA | S66: WWW.FUZ.PL | V66: 38287
A67: 7631132832 | B67: TRZCIANECKIE TOWARZYSTWO UŻYTKOWNIKÓW KABLOWEJ SIECI TELEWIZYJNEJ | C67: 273 | D67: 38294 | F67: STOWARZYSZENIA | G67: RZECZPOSPOLITA POLSKA | H67: WIELKOPOLSKIE | I67: CZARNKOWSKO-TRZCIANECKI | J67: TRZCIANKA | K67: 64-980 | L67: TRZCIANKA | M67: OSIEDLE JULIUSZA SŁOWACKIEGO | N67: 24 | P67: Transmisja programów telewizyjnych - detal, Transmisja programów radiowych - detal | Q67: Kabel koncentryczny (TVK) | R67: WOJEWÓDZTWO WIELKOPOLSKIE, POWIAT CZARNKOWSKO-TRZCIANECKI, GMINA TRZCIANKA, WOJEWÓDZTWO WIELKOPOLSKIE, POWIAT CZARNKOWSKO-TRZCIANECKI, GMINA TRZCIANKA (MIASTO W GMINIE MIEJSKO-WIEJSKIEJ) | S67: WWW.TTUKST.PL | V67: 38288
A68: 9241680739 | B68: MARCIN REGULSKI VISNET-FUTURO | C68: 275 | D68: 38294 | F68: OSOBY FIZYCZNE PROWADZĄCE DZIAŁALNOŚĆ GOSPODARCZĄ | G68: RZECZPOSPOLITA POLSKA | H68: LUBUSKIE | I68: ŻAGAŃSKI | J68: ŻAGAŃ | K68: 68-100 | L68: ŻAGAŃ | M68: PLAC SLOWIANSKI | N68: 13 | O68: 13 | P68: Stacjonarne usługi dostępu do Internetu - detal | Q68: Sieć bezprzewodowa - nielicencjonowane widmo | R68: RZECZPOSPOLITA POLSKA | S68: WWW.VISNET.PL | V68: 38289
A69: 6770065406 | B69: COMARCH SPÓŁKA AKCYJNA | C69: 280 | D69: 38294 | F69: S.A. | G69: RZECZPOSPOLITA POLSKA | H69: MAŁOPOLSKIE | I69: KRAKÓW | J69: KRAKÓW | K69: 31-864 | L69: KRAKÓW | M69: AL. JANA PAWŁA II | N69: 39 | O69: A | P69: Stacjonarne usługi dostępu do Internetu - sprzedaż, Mobilne usługi dostępu do Internetu - sprzedaż, Transmisja danych - sprzedaż | R69: RZECZPOSPOLITA POLSKA | S69: WWW.COMARCH.PL | V69: 38293
A70: 8930000122 | B70: SPÓŁDZIELNIA MIESZKANIOWA W LIPNIE | C70: 285 | D70: 38294 | F70: SPÓŁDZIELNIE | G70: RZECZPOSPOLITA POLSKA | H70: KUJAWSKO-POMORSKIE | I70: LIPNOWSKI | J70: LIPNO | K70: 87-600 | L70: LIPNO | M70: OS. GEN. WŁ. SIKORSKIEGO | N70: 19 | P70: Transmisja programów telewizyjnych - detal | R70: RZECZPOSPOLITA POLSKA | S70: WWW.SMLIPNO.COM.PL | V70: 38293
A71: 8133297718 | B71: NEXET SPÓŁKA Z OGRANICZONĄ ODPOWIEDZIALNOŚCIĄ | C71: 286 | D71: 38295 | F71: SP. Z O.O. | G71: RZECZPOSPOLITA POLSKA | H71: PODKARPACKIE | I71: RZESZÓW | J71: RZESZÓW | K71: 35-506 | L71: RZESZÓW | M71: IRANKA-OSMECKIEGO PŁK. KAZIMIERZA | N71: 6B | P71: Stacjonarne usługi dostępu do Internetu - detal, Transmisja danych - detal, Dzierżawa łączy telekomunikacyjnych - detal | Q71: Światłowód | R71: RZECZPOSPOLITA POLSKA | S71: WWW.NEXET.PL | V71: 38244
A72: 8130267792 | B72: SPÓŁDZIELNIA ZODIAK | C72: 291 | D72: 38295 | F72: SPÓŁDZIELNIE | G72: RZECZPOSPOLITA POLSKA | H72: PODKARPACKIE | I72: RZESZÓW | J72: RZESZÓW | K72: 35-326 | L72: RZESZÓW | M72: REJTANA TADEUSZA | N72: 47 | O72: - | P72: Stacjonarne usługi dostępu do Internetu - detal, Transmisja programów telewizyjnych - detal | Q72: Kabel parowy-miedziany (DSL), Światłowód | R72: RZECZPOSPOLITA POLSKA | S72: WWW.SMLW.PL | V72: 38293
A73: 9111032137 | B73: MARIAN KOWALIK TELE_MEDIA PRZEDSIĘBIORSTWO TELEKOMUNIKACYJNE | C73: 293 | D73: 38296 | F73: OSOBY FIZYCZNE PROWADZĄCE DZIAŁALNOŚĆ GOSPODARCZĄ | G73: RZECZPOSPOLITA POLSKA | H73: DOLNOŚLĄSKIE | I73: WROCŁAWSKI | J73: DŁUGOŁĘKA | K73: 55-095 | L73: SZCZODRE | M73: SŁONECZNA | N73: 4 | P73: Stacjonarne usługi dostępu do Internetu - detal, Stacjonarne usługi łączności interpersonalnej wykorzystujące numery (w tym usługi nomadyczne) - detal, Transmisja danych - detal, Inne | Q73: Sieć bezprzewodowa - nielicencjonowane widmo | R73: RZECZPOSPOLITA POLSKA | S73: WWW.TELEMEDIA.PL | V73: 37988
A74: 9251261317 | B74: SZUMLEWICZ RENATA, ZHU AUDIO-VIDEO SAT SERWIS BIS | C74: 295 | D74: 38296 | F74: OSOBY FIZYCZNE PROWADZĄCE DZIAŁALNOŚĆ GOSPODARCZĄ | G74: RZECZPOSPOLITA POLSKA | H74: LUBUSKIE | I74: NOWOSOLSKI | J74: NOWA SÓL | K74: 67-100 | L74: NOWA SÓL | M74: ZIELONOGÓRSKA | N74: 1A | P74: Stacjonarne usługi dostępu do Internetu - detal | Q74: Sieć bezprzewodowa - nielicencjonowane widmo | R74: RZECZPOSPOLITA POLSKA | S74: WWW.SERWISBIS.PL | V74: 38293
A75: 7411052433 | B75: BIAŁOZÓR JERZY INSTANT | C75: 303 | D75: 38301 | F75: OSOBY FIZYCZNE PROWADZĄCE DZIAŁALNOŚĆ GOSPODARCZĄ | G75: RZECZPOSPOLITA POLSKA | H75: WARMIŃSKO-MAZURSKIE | I75: OSTRÓDZKI | J75: OSTRÓDA | K75: 14-100 | L75: OSTRÓDA | M75: PROSTA | N75: 1 | P75: Stacjonarne usługi dostępu do Internetu - detal, Transmisja programów telewizyjnych - detal | Q75: Kabel koncentryczny (TVK), Inne | R75: WOJEWÓDZTWO KUJAWSKO-POMORSKIE, POWIAT ŚWIECKI, GMINA DRAGACZ, WOJEWÓDZTWO KUJAWSKO-POMORSKIE, POWIAT ŚWIECKI, GMINA DRAGACZ (GMINA WIEJSKA), WOJEWÓDZTWO WARMIŃSKO-MAZURSKIE, POWIAT OSTRÓDZKI, GMINA ŁUKTA (GMINA WIEJSKA), WOJEWÓDZTWO WARMIŃSKO-MAZURSKIE, POWIAT OSTRÓDZKI, GMINA MAŁDYTY, WOJEWÓDZTWO WARMIŃSKO-MAZURSKIE, POWIAT OSTRÓDZKI, GMINA MORĄG, WOJEWÓDZTWO WARMIŃSKO-MAZURSKIE, POWIAT OSTRÓDZKI, GMINA MORĄG (OBSZAR WIEJSKI W GMINIE MIEJSKO-WIEJSKIEJ) | S75: Nie posiada | V75: 38296
A76: 7690502495 | B76: PGE GÓRNICTWO I ENERGETYKA KONWENCJONALNA SPÓŁKA AKCYJNA | C76: 307 | D76: 38300 | F76: S.A. | G76: RZECZPOSPOLITA POLSKA | H76: ŁÓDZKIE | I76: BEŁCHATOWSKI | J76: BEŁCHATÓW | K76: 97-400 | L76: BEŁCHATÓW | M76: WĘGLOWA | N76: 5 | P76: Stacjonarne usługi dostępu do Internetu - detal, Stacjonarne usługi łączności interpersonalnej wykorzystujące numery (w tym usługi nomadyczne) - detal, Transmisja danych - detal, Dzierżawa łączy telekomunikacyjnych - detal | Q76: Kabel parowy-miedziany (DSL), Światłowód | R76: RZECZPOSPOLITA POLSKA | S76: WWW.PGEGIEK.PL | V76: 38299
A77: 7960106439 | B77: UNIWERSYTET RADOMSKI IM. KAZIMIERZA PUŁASKIEGO | C77: 312 | D77: 38306 | F77: UCZELNIE | G77: RZECZPOSPOLITA POLSKA | H77: MAZOWIECKIE | I77: RADOM | J77: RADOM | K77: 26-600 | L77: RADOM | M77: UL. MALCZEWSKIEGO | N77: 29 | P77: Stacjonarne usługi dostępu do Internetu - detal | Q77: Światłowód | R77: RZECZPOSPOLITA POLSKA | S77: WWW.UNIWERSYTETRADOM.PL | V77: 38300
A78: 5940003675 | B78: SAT-MONT-SERVICE JACEK MRUK, KRZYSZTOF MRUK SPÓŁKA Z OGRANICZONĄ ODPOWIEDZIALNOŚCIĄ | C78: 315 | D78: 38306 | F78: SP. Z O.O. | G78: RZECZPOSPOLITA POLSKA | H78: ZACHODNIOPOMORSKIE | I78: SZCZECIN | J78: SZCZECIN | K78: 71-047 | L78: SZCZECIN | M78: KU SŁOŃCU | N78: 63 | O78: 1 | P78: Stacjonarne usługi dostępu do Internetu - detal, Transmisja danych - detal, Dzierżawa łączy telekomunikacyjnych - detal | Q78: Kabel koncentryczny (TVK), Światłowód | R78: RZECZPOSPOLITA POLSKA | S78: WWW.SMSNET.PL | V78: 38293
A79: 6220106152 | B79: PRZEDSIĘBIORSTWO "PROMAX" SPÓŁKA JAWNA ZOFIA FÓRMANEK-OKRÓJ, WIESŁAW OKRÓJ | C79: 316 | D79: 38306 | F79: SP.J. | G79: RZECZPOSPOLITA POLSKA | H79: WIELKOPOLSKIE | I79: OSTROWSKI | J79: OSTRÓW WIELKOPOLSKI | K79: 63-400 | L79: OSTRÓW WIELKOPOLSKI | M79: WOLNOŚCI | N79: 19 | P79: Stacjonarne usługi dostępu do Internetu - detal - hurt, Mobilne usługi dostępu do Internetu - sprzedaż, Stacjonarne usługi łączności interpersonalnej wykorzystujące numery (w tym usługi nomadyczne) - detal - sprzedaż, Transmisja danych - detal, Dzierżawa łączy telekomunikacyjnych - detal, Transmisja programów telewizyjnych - detal, Transmisja programów radiowych - detal, Transport ruchu telefonicznego między operatorami - detal - sprzedaż | Q79: Kabel koncentryczny (TVK), Światłowód, Sieć bezprzewodowa - nielicencjonowane widmo, Standardowa sieć komórkowa (np. 2G, 3G, 4G, 5G) | R79: WOJEWÓDZTWO DOLNOŚLĄSKIE, WOJEWÓDZTWO WIELKOPOLSKIE | S79: WWW.PROMAX.MEDIA.PL | V79: 38299
A80: 9241927252 | B80: BACKIEL NETWORKS SPÓŁKA Z OGRANICZONĄ ODPOWIEDZIALNOŚCIĄ | C80: 321 | D80: 38308 | F80: SP. Z O.O. | G80: RZECZPOSPOLITA POLSKA | H80: LUBUSKIE | I80: ŻAGAŃSKI | J80: ŻAGAŃ | K80: 68-100 | L80: ŻAGAŃ | M80: UL. JARZĘBINOWA | N80: 21 | P80: Stacjonarne usługi dostępu do Internetu - detal | Q80: Światłowód | R80: RZECZPOSPOLITA POLSKA | S80: WWW.BACKIEL.PL | V80: 38306
A81: 6412315845 | B81: SILEMAN SPÓŁKA Z OGRANICZONĄ ODPOWIEDZIALNOŚCIĄ | C81: 326 | D81: 38309 | F81: SP. Z O.O. | G81: RZECZPOSPOLITA POLSKA | H81: ŚLĄSKIE | I81: RUDA ŚLĄSKA | J81: RUDA ŚLĄSKA | K81: 41-710 | L81: RUDA ŚLĄSKA | M81: DĄBROWSKIEGO JAROSŁAWA | N81: 35 | P81: Stacjonarne usługi dostępu do Internetu - detal - hurt, Stacjonarne usługi łączności interpersonalnej wykorzystujące numery (w tym usługi nomadyczne) - detal, Transmisja danych - detal - hurt, Dzierżawa łączy telekomunikacyjnych - detal - hurt, Transport ruchu telefonicznego między operatorami - hurt | Q81: Światłowód, Sieć bezprzewodowa - nielicencjonowane widmo | R81: RZECZPOSPOLITA POLSKA | S81: WWW.SILEMAN.PL | V81: 38308
A82: 8511038723 | B82: "ESPOL" SPÓŁKA Z OGRANICZONĄ ODPOWIEDZIALNOŚCIĄ | C82: 327 | D82: 38309 | F82: SP. Z O.O. | G82: RZECZPOSPOLITA POLSKA | H82: ZACHODNIOPOMORSKIE | I82: SZCZECIN | J82: SZCZECIN | K82: 71-635 | L82: SZCZECIN | M82: PLATER EMILII | N82: 3 | O82: LU3 | P82: Stacjonarne usługi dostępu do Internetu - sprzedaż | R82: RZECZPOSPOLITA POLSKA | S82: WWW.ESPOL.COM.PL | V82: 38299
A83: 7761602526 | B83: "MEDIAL - NET" SPÓŁKA Z OGRANICZONĄ ODPOWIEDZIALNOŚCIĄ | C83: 330 | D83: 38310 | F83: SP. Z O.O. | G83: RZECZPOSPOLITA POLSKA | H83: MAZOWIECKIE | I83: SIERPECKI | J83: SIERPC | K83: 09-200 | L83: SIERPC | M83: POWSTAŃCÓW | N83: 10 | P83: Stacjonarne usługi dostępu do Internetu - detal | Q83: Sieć bezprzewodowa - nielicencjonowane widmo | R83: RZECZPOSPOLITA POLSKA | S83: WWW.M-N.PL | V83: 38306
A84: 6812116486 | B84: NETMAR INFRASTRUKTURA SPÓŁKA Z OGRANICZONĄ ODPOWIEDZIALNOŚCIĄ | C84: 332 | D84: 38311 | F84: SP. Z O.O. | G84: RZECZPOSPOLITA POLSKA | H84: MAŁOPOLSKIE | I84: MYŚLENICKI | J84: MYŚLENICE | K84: 32-400 | L84: MYŚLENICE | M84: JANA SOBIESKIEGO | N84: 30E | Q84: Światłowód, Sieć bezprzewodowa - licencjonowane widmo, Sieć bezprzewodowa - nielicencjonowane widmo | R84: RZECZPOSPOLITA POLSKA | S84: WWW.NETMAR.NET.PL | V84: 38308
A85: 6841662027 | B85: DARIUSZ JASTRZĄB KROŚNIEŃSKIE CENTRUM INFORMATYCZNE KROSOFT | C85: 338 | D85: 38313 | F85: OSOBY FIZYCZNE PROWADZĄCE DZIAŁALNOŚĆ GOSPODARCZĄ | G85: RZECZPOSPOLITA POLSKA | H85: PODKARPACKIE | I85: KROSNO | J85: KROSNO | K85: 38-400 | L85: KROSNO | M85: WIERZBOWA | N85: 2 | P85: Stacjonarne usługi dostępu do Internetu - detal - hurt, Mobilne usługi dostępu do Internetu - sprzedaż, Transmisja danych - detal - hurt, Transmisja programów telewizyjnych - sprzedaż | Q85: Światłowód, Sieć bezprzewodowa - nielicencjonowane widmo | R85: RZECZPOSPOLITA POLSKA | S85: WWW.KROSOFT.PL | V85: 38309
A86: 9482257072 | B86: FIRMA HANDLOWO-USŁUGOWA "MULTIFOX" ROJEK ARKADIUSZ | C86: 339 | D86: 38313 | F86: OSOBY FIZYCZNE PROWADZĄCE DZIAŁALNOŚĆ GOSPODARCZĄ | G86: RZECZPOSPOLITA POLSKA | H86: MAZOWIECKIE | I86: RADOM | J86: RADOM | K86: 26-600 | L86: RADOM | M86: OKULICKIEGO GEN. LEOPOLDA | N86: 58/70 | O86: PAW.11 | P86: Stacjonarne usługi dostępu do Internetu - detal | Q86: Światłowód, Sieć bezprzewodowa - nielicencjonowane widmo | R86: RZECZPOSPOLITA POLSKA | S86: WWW.CYBERFOX.PL | T86: 45677 | V86: 38309
A87: 1132438159 | B87: TBM TELEKOM SPÓŁKA Z OGRANICZONĄ ODPOWIEDZIALNOŚCIĄ | C87: 357 | D87: 38320 | F87: SP. Z O.O. | G87: RZECZPOSPOLITA POLSKA | H87: MAZOWIECKIE | I87: WARSZAWA | J87: WARSZAWA | K87: 00-172 | L87: WARSZAWA | M87: DZIKA | N87: 15 | P87: Stacjonarne usługi dostępu do Internetu - detal - sprzedaż, Mobilne usługi dostępu do Internetu - detal - sprzedaż, Transmisja danych - detal - sprzedaż | R87: RZECZPOSPOLITA POLSKA | S87: WWW.TBMTELEKOM.PL | V87: 38315
A88: 7120102474 | B88: SPÓŁDZIELNIA NIEWIDOMYCH IM. M.SĘKOWSKIEGO | C88: 366 | D88: 38322 | F88: SPÓŁDZIELNIE | G88: RZECZPOSPOLITA POLSKA | H88: LUBELSKIE | I88: LUBLIN | J88: LUBLIN | K88: 20-060 | L88: LUBLIN | M88: BARTOSZA GŁOWACKIEGO | N88: 35 | P88: Stacjonarne usługi dostępu do Internetu - detal | Q88: Kabel parowy-miedziany (DSL) | R88: RZECZPOSPOLITA POLSKA | S88: WWW.LSN.PL | V88: 38317
A89: 6262184599 | B89: F.H.U."COM-IX" MARIUSZ PLOSZKE | C89: 372 | D89: 38323 | F89: OSOBY FIZYCZNE PROWADZĄCE DZIAŁALNOŚĆ GOSPODARCZĄ | G89: RZECZPOSPOLITA POLSKA | H89: ŚLĄSKIE | I89: BYTOM | J89: BYTOM | K89: 41-907 | L89: BYTOM | M89: WRÓBLEWSKIEGO GENERAŁA ZYGMUNTA | N89: 19 | O89: 4 | P89: Stacjonarne usługi dostępu do Internetu - detal - sprzedaż | Q89: Światłowód | R89: RZECZPOSPOLITA POLSKA | S89: WWW.FOXNET.COM.PL | V89: 38320
A90: 5481043266 | B90: NEW ! COMP LESZEK RYDZEWSKI | C90: 385 | D90: 38328 | F90: OSOBY FIZYCZNE PROWADZĄCE DZIAŁALNOŚĆ GOSPODARCZĄ | G90: RZECZPOSPOLITA POLSKA | H90: ŚLĄSKIE | I90: CIESZYŃSKI | J90: SKOCZÓW | K90: 43-430 | L90: SKOCZÓW | M90: PARKOWA | N90: 1 | P90: Stacjonarne usługi dostępu do Internetu - detal | R90: RZECZPOSPOLITA POLSKA | S90: Nie posiada | V90: 38324
A91: 6910202318 | B91: HAWE TELEKOM SPÓŁKA AKCYJNA W RESTRUKTURYZACJI | C91: 386 | D91: 38329 | F91: S.A. | G91: RZECZPOSPOLITA POLSKA | H91: MAZOWIECKIE | I91: WARSZAWA | J91: WARSZAWA | K91: 02-627 | L91: WARSZAWA | M91: ADAMA NARUSZEWICZA | N91: 13 | O91: A | P91: Stacjonarne usługi dostępu do Internetu - hurt, Transmisja danych - hurt | Q91: Światłowód | R91: RZECZPOSPOLITA POLSKA | S91: WWW.HAWETELEKOM.COM | V91: 38327
A92: 8441881123 | B92: "M2M" USŁUGI TELEINFORMATYCZNE MACIEJ MACKIEWICZ | C92: 387 | D92: 38329 | F92: OSOBY FIZYCZNE PROWADZĄCE DZIAŁALNOŚĆ GOSPODARCZĄ | G92: RZECZPOSPOLITA POLSKA | H92: PODLASKIE | I92: SUWAŁKI | J92: SUWAŁKI | K92: 16-400 | L92: SUWAŁKI | M92: MINKIEWICZA | N92: 3 | P92: Stacjonarne usługi dostępu do Internetu - detal - sprzedaż | Q92: Sieć bezprzewodowa - nielicencjonowane widmo | R92: RZECZPOSPOLITA POLSKA | S92: WWW.M2M.NET.PL | V92: 38323
A93: 9371021998 | B93: PRZEDSIĘBIORSTWO AJC JAROSŁAW KUBALA | C93: 389 | D93: 38330 | F93: OSOBY FIZYCZNE PROWADZĄCE DZIAŁALNOŚĆ GOSPODARCZĄ | G93: RZECZPOSPOLITA POLSKA | H93: ŚLĄSKIE | I93: BIELSKO-BIAŁA | J93: BIELSKO-BIAŁA | K93: 43-300 | L93: BIELSKO-BIAŁA | M93: ŻYWIECKA | N93: 43 | P93: Stacjonarne usługi dostępu do Internetu - detal - hurt, Stacjonarne usługi łączności interpersonalnej wykorzystujące numery (w tym usługi nomadyczne) - detal - sprzedaż, Transmisja danych - detal - hurt - sprzedaż, Dzierżawa łączy telekomunikacyjnych - detal - hurt - sprzedaż, Transmisja programów telewizyjnych - detal - hurt - sprzedaż, Transport ruchu telefonicznego między operatorami - sprzedaż | Q93: Światłowód | R93: RZECZPOSPOLITA POLSKA | S93: WWW.AJC.COM.PL | V93: 38324
A94: 9371021449 | B94: PRZEDSIĘBIORSTWO AJC ADAM OZGA | C94: 390 | D94: 38330 | F94: OSOBY FIZYCZNE PROWADZĄCE DZIAŁALNOŚĆ GOSPODARCZĄ | G94: RZECZPOSPOLITA POLSKA | H94: ŚLĄSKIE | I94: BIELSKO-BIAŁA | J94: BIELSKO-BIAŁA | K94: 43-300 | L94: BIELSKO-BIAŁA | M94: ŻYWIECKA | N94: 43 | P94: Stacjonarne usługi dostępu do Internetu - detal - hurt, Stacjonarne usługi łączności interpersonalnej wykorzystujące numery (w tym usługi nomadyczne) - detal - sprzedaż, Transmisja danych - detal - hurt - sprzedaż, Dzierżawa łączy telekomunikacyjnych - detal - hurt - sprzedaż, Transmisja programów telewizyjnych - detal - hurt - sprzedaż, Transport ruchu telefonicznego między operatorami - sprzedaż | Q94: Światłowód | R94: RZECZPOSPOLITA POLSKA | S94: WWW.AJC.COM.PL | V94: 38324
A95: 5521503686 | B95: FIRMA HANDLOWO-USŁUGOWA "SKANET" WOJCIECH CAPEK | C95: 398 | D95: 38331 | F95: OSOBY FIZYCZNE PROWADZĄCE DZIAŁALNOŚĆ GOSPODARCZĄ | G95: RZECZPOSPOLITA POLSKA | H95: MAŁOPOLSKIE | I95: SUSKI | J95: MAKÓW PODHALAŃSKI | K95: 34-220 | L95: BIAŁKA | M95: BIAŁKA | N95: 611 | P95: Stacjonarne usługi dostępu do Internetu - detal, Mobilne usługi dostępu do Internetu - detal | Q95: Światłowód, Sieć bezprzewodowa - nielicencjonowane widmo, Standardowa sieć komórkowa (np. 2G, 3G, 4G, 5G) | R95: RZECZPOSPOLITA POLSKA | S95: WWW.SKANET.PL | V95: 38328
A96: 8941000195 | B96: "TVK" ZJAWIONA ELŻBIETA | C96: 407 | D96: 38335 | F96: OSOBY FIZYCZNE PROWADZĄCE DZIAŁALNOŚĆ GOSPODARCZĄ | G96: RZECZPOSPOLITA POLSKA | H96: DOLNOŚLĄSKIE | I96: WROCŁAW | J96: WROCŁAW | K96: 54-152 | L96: WROCŁAW | M96: KOLISTA | N96: 14 | P96: Stacjonarne usługi dostępu do Internetu - detal, Transmisja programów telewizyjnych - detal | Q96: Kabel koncentryczny (TVK), Światłowód | R96: RZECZPOSPOLITA POLSKA | S96: WWW.TVK.PL | V96: 38334
A97: 6762215624 | B97: PRZEDSIĘBIORSTWO HANDLOWO-USŁUGOWO-SZKOLENIOWE ROOT ANDRZEJ SAŁAKOWSKI | C97: 410 | D97: 38336 | E97: 45826 | F97: OSOBY FIZYCZNE PROWADZĄCE DZIAŁALNOŚĆ GOSPODARCZĄ | G97: RZECZPOSPOLITA POLSKA | H97: MAŁOPOLSKIE | I97: KRAKÓW | J97: KRAKÓW M. | K97: 30-389 | L97: KRAKÓW | M97: POLARNA | N97: 8 | R97: RZECZPOSPOLITA POLSKA | U97: 45808 | V97: 38331
A98: 5871581853 | B98: ANTKOWSKI WALDEMAR "NETRIX" | C98: 416 | D98: 38337 | F98: OSOBY FIZYCZNE PROWADZĄCE DZIAŁALNOŚĆ GOSPODARCZĄ | G98: RZECZPOSPOLITA POLSKA | H98: POMORSKIE | I98: PUCKI | J98: HEL | K98: 84-150 | L98: HEL | M98: WIEJSKA | N98: 80 | O98: 5 | Q98: Sieć bezprzewodowa - nielicencjonowane widmo | R98: RZECZPOSPOLITA POLSKA | S98: Nie posiada | V98: 38331
A99: 8842204109 | B99: IKS TOMASZ POLMAŃSKI | C99: 430 | D99: 38342 | F99: OSOBY FIZYCZNE PROWADZĄCE DZIAŁALNOŚĆ GOSPODARCZĄ | G99: RZECZPOSPOLITA POLSKA | H99: DOLNOŚLĄSKIE | I99: ŚWIDNICKI | J99: ŚWIDNICA | K99: 58-100 | L99: ŚWIDNICA | M99: WROCŁAWSKA | N99: 28 | O99: 8 | P99: Stacjonarne usługi dostępu do Internetu - detal - hurt | R99: RZECZPOSPOLITA POLSKA | S99: WWW.ADNER.NET | V99: 38336
A100: 9730300920 | B100: ZAKŁAD USŁUGOWY "PAWLUK" KRZYSZTOF PAWLUK | C100: 434 | D100: 38343 | F100: OSOBY FIZYCZNE PROWADZĄCE DZIAŁALNOŚĆ GOSPODARCZĄ | G100: RZECZPOSPOLITA POLSKA | H100: LUBUSKIE | I100: ZIELONA GÓRA | J100: ZIELONA GÓRA | K100: 66-015 | L100: ZIELONA GÓRA | M100: PRZYLEP - SOLIDARNOŚCI | N100: 6A | O100: 211 | P100: Stacjonarne usługi dostępu do Internetu - detal - sprzedaż, Stacjonarne usługi łączności interpersonalnej wykorzystujące numery (w tym usługi nomadyczne) - detal - sprzedaż, Mobilne usługi łączności interpersonalnej wykorzystujące numery - sprzedaż, Transmisja danych - detal - sprzedaż | Q100: Kabel parowy-miedziany (DSL), Światłowód, Sieć bezprzewodowa - nielicencjonowane widmo | R100: RZECZPOSPOLITA POLSKA | S100: WWW.PAWLUK.ORG | V100: 38341
...

Sheet Przykład uzupełnienia danych
A1: L.p. | B1: NIP wezwanego Przedsiębiorcy (NIP podmiotu przekazującego dane w ramach wezwania) | C1: Nazwa wezwanego Przedsiębiorcy (Nazwa podmiotu przekazującego dane w ramach wezwania) | D1: NIP Przedsiębiorcy Korzystającego (OK) | E1: Nazwa Przedsiębiorcy Korzystającego (OK) | F1: Nazwa Podmiotu na rzecz którego nastąpiła sprzedaż (jeżeli po wpisaniu prawidłowego numeru NIP w kolumnie D nie pojawi się nazwa podmiotu w kolumnie E na rzecz którego realizowana był sprzedaż, należy w kolumnie F wpisać nazwę tego podmiotu. (np. nazwę spółki cywilnej) | G1: Liczba świadczonych usług hurtowych BSA (Bitstream Access) - dostęp do strumienia bitów w oparciu o infrastrukturę finansowaną ze środków publicznych (stan na 31.12.2025 r.) niezależnie od stosowanej technologii | H1: Liczba świadczonych usług hurtowych BSA (Bitstream Access) - dostęp do strumienia bitów w oparciu o pozostałą infrastrukturę (niedofinansowaną) (stan na 31.12.2025 r.) niezależnie od stosowanej technologii | I1: Rodzaj świadczonych usług przez Operatora Korzystającego na Państwa infrastrukturze (usługi hurtowe,usługi detaliczne) (stan na 31.12.2025 r.) (jeżeli informacja jest znana)
A2: 1 | B2: 1234567890 | C2: Internet Sp. z o.o. | D2: 5271037728 | E2: Przedsiębiorca A | G2: 568 | H2: 6793 | I2: detaliczne
A3: 2 | B3: 1234567890 | C3: Internet Sp. z o.o. | D3: 5270904568 | E3: Przedsiębiorca B | G3: 456 | H3: 0 | I3: detaliczne
A4: 3 | B4: 1234567890 | C4: Internet Sp. z o.o. | D4: 5262419700 | E4: Przedsiębiorca C | G4: 250 | H4: 450
A5: 4 | B5: 1234567890 | C5: Internet Sp. z o.o. | D5: 6851650000 | E5: Przedsiębiorca D | G5: 0 | H5: 8
A6: 5 | B6: 1234567890 | C6: Internet Sp. z o.o. | D6: 6851659999 | E6: =IF(D6="", "", IF(COUNTIF(Baza!A:A, D6)=0, "Nieprawidłowy NIP", VLOOKUP(D6, Baza!A:B, 2, FALSE))) -> Nieprawidłowy NIP | F6: Telekom Spółka Cywilna | G6: 8900 | H6: 5678
A7: 6 | B7: 1234567890 | C7: Internet Sp. z o.o. | D7: 5229993718 | E7: =IF(D7="", "", IF(COUNTIF(Baza!A:A, D7)=0, "Nieprawidłowy NIP", VLOOKUP(D7, Baza!A:B, 2, FALSE))) -> Nieprawidłowy NIP | F7: Internet Plus | G7: 890 | H7: 4567

Sheet Opis
A1: Objaśnienia:
A2: Usługa BSA - usługa dostępu telekomunikacyjnego w zakresie szerokopasmowego dostępu do lokalnej pętli abonenckiej poprzez dostęp do węzłów sieci telekomunikacyjnej na potrzeby sprzedaży usług szerokopasmowej transmisji danych.
A4: Usługa LLU - usługa dostępu telekomunikacyjnego do Lokalnej pętli abonenckiej (w tym lokalnej pętli abonenckiej, lokalnej podpętli abonenckiej lub lokalnej pętli światłowodowej). lokalna pętla abonencka – fizyczny obwód łączący zakończenie sieci z punktem dystrybucji w stacjonarnej publicznej sieci telekomunikacyjnej, w szczególności z przełącznicą główną lub równoważnym urządzeniem. lokalna podpętla abonencka – część lokalnej pętli abonenckiej łącząca zakończenie sieci z pośrednim punktem dystrybucji w stacjonarnej publicznej sieci telekomunikacyjnej, w szczególności z koncentratorem lub innym urządzeniem dostępu pośredniego do stacjonarnej publicznej sieci telekomunikacyjnej. VULA (Virtual Unbundled Local Access) - wirtualne uwolnienie lokalnej pętli abonenckiej. Hurtowa usługa dostępu do lokalnej pętli abonenckiej na poziomie L2 (warstwa modelu OSI) odpowiadająca funkcjonalnie fizycznemu uwolnieniu pętli lokalnej.
A6: Zakładka BSA i LLU:
A7: Po wprowadzeniu numeru NIP w kolumnie B i D nazwa przedsiębiorcy w kolumnie C i E uzupełni się automatycznie
A8: Jeżeli w kolumnie D wprowadzony zostanie prawidłowy NIP podmiotu i nie pojawi się jego nazwa w kolumnie E należy wpisać samodzielnie nazwę podmiotu w kolumnie F. Sytaucja tak może pojawić się w przypadku Spółek Cywilnych które nie są wpisane w rejestrze RPT
A9: W zakładce LLU należy wykazać usługi łącznie świadczone w modelu LLU lub VULA
